Workbook
Name CLE: Tbd!$C$4
Name CLEDEUX: Tbd!$C$7

Sheet Tbd
A1: TABLEAU DE BORD
C4: Réalise | D4: Réalisé | E4: Réalisé | F4: Réalisé | G4: Réalisé | H4: Réalisé | I4: Réalisé | J4: Réalisé | K4: Réalisé | L4: Réalisé | M4: Réalisé | N4: Réalisé | O4: Réalisé | P4: ACC 2014 | Q4: Ecart Accordé - Réel 2014
C5: 41639 | D5: 41670 | E5: 41698 | F5: 41729 | G5: 41759 | H5: 41790 | I5: 41820 | J5: 41851 | K5: 41882 | L5: 41912 | M5: 41943 | N5: 41973 | O5: 42004
D6: (1) | G6: (1) | P6: (2) | Q6: (2) - (1)
A7: PRODUITS | V7: 0
A8: 73151000000 | B8: Dotation | C8: =IF(ISNA(VLOOKUP(A8,'balance n-1'!$A:$F,6,FALSE)),0,VLOOKUP(A8,'balance n-1'!$A:$F,6,FALSE)) -> 612120 | D8: =IF(ISNA(VLOOKUP(A8,'Balance 01'!$A:$F,6,FALSE)),0,VLOOKUP(A8,'Balance 01'!$A:$F,6,FALSE)) -> 42051 | E8: =IF(ISNA(VLOOKUP(A8,'Balance 02'!$A:$F,6,FALSE)),0,VLOOKUP(A8,'Balance 02'!$A:$F,6,FALSE)) -> 84102 | F8: =IF(ISNA(VLOOKUP(A8,'Balance 03'!$A:$F,6,FALSE)),0,VLOOKUP(A8,'Balance 03'!$A:$F,6,FALSE)) -> 126153 | G8: =IF(ISNA(VLOOKUP(A8,'Balance 04'!$A:$F,6,FALSE)),0,VLOOKUP(A8,'Balance 04'!$A:$F,6,FALSE)) -> 168204 | H8: =IF(ISNA(VLOOKUP(A8,'Balance 05'!$A:$F,6,FALSE)),0,VLOOKUP(A8,'Balance 05'!$A:$F,6,FALSE)) -> 210255 | I8: =IF(ISNA(VLOOKUP(A8,'Balance 06'!$A:$F,6,FALSE)),0,VLOOKUP(A8,'Balance 06'!$A:$F,6,FALSE)) -> 252306 | J8: =IF(ISNA(VLOOKUP(A8,'Balance 07'!$A:$F,6,FALSE)),0,VLOOKUP(A8,'Balance 07'!$A:$F,6,FALSE)) -> 0 | K8: =IF(ISNA(VLOOKUP(A8,'Balance 08'!$A:$F,6,FALSE)),0,VLOOKUP(A8,'Balance 08'!$A:$F,6,FALSE)) -> 0 | L8: =IF(ISNA(VLOOKUP(A8,'Balance 09'!$A:$F,6,FALSE)),0,VLOOKUP(A8,'Balance 09'!$A:$F,6,FALSE)) -> 0 | M8: =IF(ISNA(VLOOKUP(A8,'Balance 10'!$A:$F,6,FALSE)),0,VLOOKUP(A8,'Balance 10'!$A:$F,6,FALSE)) -> 0 | N8: =IF(ISNA(VLOOKUP(A8,'Balance 11'!$A:$F,6,FALSE)),0,VLOOKUP(A8,'Balance 11'!$A:$F,6,FALSE)) -> 0 | O8: =IF(ISNA(VLOOKUP(A8,'Balance 12'!$A:$F,6,FALSE)),0,VLOOKUP(A8,'Balance 12'!$A:$F,6,FALSE)) -> 0 | P8: 513784 | Q8: =$P8-I8 -> 261478 | V8: 0
A9: 70610000000 | B9: Convention HAD/SSIAD | C9: =IF(ISNA(VLOOKUP(A9,'balance n-1'!$A:$F,6,FALSE)),0,VLOOKUP(A9,'balance n-1'!$A:$F,6,FALSE)) -> 0 | D9: =IF(ISNA(VLOOKUP(A9,'Balance 01'!$A:$F,6,FALSE)),0,VLOOKUP(A9,'Balance 01'!$A:$F,6,FALSE)) -> 0 | E9: =IF(ISNA(VLOOKUP(A9,'Balance 02'!$A:$F,6,FALSE)),0,VLOOKUP(A9,'Balance 02'!$A:$F,6,FALSE)) -> 0 | F9: =IF(ISNA(VLOOKUP(A9,'Balance 03'!$A:$F,6,FALSE)),0,VLOOKUP(A9,'Balance 03'!$A:$F,6,FALSE)) -> 0 | G9: =IF(ISNA(VLOOKUP(A9,'Balance 04'!$A:$F,6,FALSE)),0,VLOOKUP(A9,'Balance 04'!$A:$F,6,FALSE)) -> 0 | H9: =IF(ISNA(VLOOKUP(A9,'Balance 05'!$A:$F,6,FALSE)),0,VLOOKUP(A9,'Balance 05'!$A:$F,6,FALSE)) -> 0 | I9: =IF(ISNA(VLOOKUP(A9,'Balance 06'!$A:$F,6,FALSE)),0,VLOOKUP(A9,'Balance 06'!$A:$F,6,FALSE)) -> 2482 | J9: =IF(ISNA(VLOOKUP(A9,'Balance 07'!$A:$F,6,FALSE)),0,VLOOKUP(A9,'Balance 07'!$A:$F,6,FALSE)) -> 0 | K9: =IF(ISNA(VLOOKUP(A9,'Balance 08'!$A:$F,6,FALSE)),0,VLOOKUP(A9,'Balance 08'!$A:$F,6,FALSE)) -> 0 | L9: =IF(ISNA(VLOOKUP(A9,'Balance 09'!$A:$F,6,FALSE)),0,VLOOKUP(A9,'Balance 09'!$A:$F,6,FALSE)) -> 0 | M9: =IF(ISNA(VLOOKUP(A9,'Balance 10'!$A:$F,6,FALSE)),0,VLOOKUP(A9,'Balance 10'!$A:$F,6,FALSE)) -> 0 | N9: =IF(ISNA(VLOOKUP(A9,'Balance 11'!$A:$F,6,FALSE)),0,VLOOKUP(A9,'Balance 11'!$A:$F,6,FALSE)) -> 0 | O9: =IF(ISNA(VLOOKUP(A9,'Balance 12'!$A:$F,6,FALSE)),0,VLOOKUP(A9,'Balance 12'!$A:$F,6,FALSE)) -> 0 | Q9: =$P9-I9 -> -2482
A10: 76880000000 | B10: Produits financiers | C10: =IF(ISNA(VLOOKUP(A10,'balance n-1'!$A:$F,6,FALSE)),0,VLOOKUP(A10,'balance n-1'!$A:$F,6,FALSE)) -> 334.23 | D10: =IF(ISNA(VLOOKUP(A10,'Balance 01'!$A:$F,6,FALSE)),0,VLOOKUP(A10,'Balance 01'!$A:$F,6,FALSE)) -> 0 | E10: =IF(ISNA(VLOOKUP(A10,'Balance 02'!$A:$F,6,FALSE)),0,VLOOKUP(A10,'Balance 02'!$A:$F,6,FALSE)) -> 0 | F10: =IF(ISNA(VLOOKUP(A10,'Balance 03'!$A:$F,6,FALSE)),0,VLOOKUP(A10,'Balance 03'!$A:$F,6,FALSE)) -> 0 | G10: =IF(ISNA(VLOOKUP(A10,'Balance 04'!$A:$F,6,FALSE)),0,VLOOKUP(A10,'Balance 04'!$A:$F,6,FALSE)) -> 0 | H10: =IF(ISNA(VLOOKUP(A10,'Balance 05'!$A:$F,6,FALSE)),0,VLOOKUP(A10,'Balance 05'!$A:$F,6,FALSE)) -> 0 | I10: =IF(ISNA(VLOOKUP(A10,'Balance 06'!$A:$F,6,FALSE)),0,VLOOKUP(A10,'Balance 06'!$A:$F,6,FALSE)) -> 0 | J10: =IF(ISNA(VLOOKUP(A10,'Balance 07'!$A:$F,6,FALSE)),0,VLOOKUP(A10,'Balance 07'!$A:$F,6,FALSE)) -> 0 | K10: =IF(ISNA(VLOOKUP(A10,'Balance 08'!$A:$F,6,FALSE)),0,VLOOKUP(A10,'Balance 08'!$A:$F,6,FALSE)) -> 0 | L10: =IF(ISNA(VLOOKUP(A10,'Balance 09'!$A:$F,6,FALSE)),0,VLOOKUP(A10,'Balance 09'!$A:$F,6,FALSE)) -> 0 | M10: =IF(ISNA(VLOOKUP(A10,'Balance 10'!$A:$F,6,FALSE)),0,VLOOKUP(A10,'Balance 10'!$A:$F,6,FALSE)) -> 0 | N10: =IF(ISNA(VLOOKUP(A10,'Balance 11'!$A:$F,6,FALSE)),0,VLOOKUP(A10,'Balance 11'!$A:$F,6,FALSE)) -> 0 | O10: =IF(ISNA(VLOOKUP(A10,'Balance 12'!$A:$F,6,FALSE)),0,VLOOKUP(A10,'Balance 12'!$A:$F,6,FALSE)) -> 0 | Q10: =$P10-I10 -> 0 | V10: 0
A11: 77200000000 | B11: Produits sur exercices antérieurs | C11: =IF(ISNA(VLOOKUP(A11,'balance n-1'!$A:$F,6,FALSE)),0,VLOOKUP(A11,'balance n-1'!$A:$F,6,FALSE)) -> 0 | D11: =IF(ISNA(VLOOKUP(A11,'Balance 01'!$A:$F,6,FALSE)),0,VLOOKUP(A11,'Balance 01'!$A:$F,6,FALSE)) -> 0 | E11: =IF(ISNA(VLOOKUP(A11,'Balance 02'!$A:$F,6,FALSE)),0,VLOOKUP(A11,'Balance 02'!$A:$F,6,FALSE)) -> 0 | F11: =IF(ISNA(VLOOKUP(A11,'Balance 03'!$A:$F,6,FALSE)),0,VLOOKUP(A11,'Balance 03'!$A:$F,6,FALSE)) -> 0 | G11: =IF(ISNA(VLOOKUP(A11,'Balance 04'!$A:$F,6,FALSE)),0,VLOOKUP(A11,'Balance 04'!$A:$F,6,FALSE)) -> 0 | H11: =IF(ISNA(VLOOKUP(A11,'Balance 05'!$A:$F,6,FALSE)),0,VLOOKUP(A11,'Balance 05'!$A:$F,6,FALSE)) -> 0 | I11: =IF(ISNA(VLOOKUP(A11,'Balance 06'!$A:$F,6,FALSE)),0,VLOOKUP(A11,'Balance 06'!$A:$F,6,FALSE)) -> 0 | J11: =IF(ISNA(VLOOKUP(A11,'Balance 07'!$A:$F,6,FALSE)),0,VLOOKUP(A11,'Balance 07'!$A:$F,6,FALSE)) -> 0 | K11: =IF(ISNA(VLOOKUP(A11,'Balance 08'!$A:$F,6,FALSE)),0,VLOOKUP(A11,'Balance 08'!$A:$F,6,FALSE)) -> 0 | L11: =IF(ISNA(VLOOKUP(A11,'Balance 09'!$A:$F,6,FALSE)),0,VLOOKUP(A11,'Balance 09'!$A:$F,6,FALSE)) -> 0 | M11: =IF(ISNA(VLOOKUP(A11,'Balance 10'!$A:$F,6,FALSE)),0,VLOOKUP(A11,'Balance 10'!$A:$F,6,FALSE)) -> 0 | N11: =IF(ISNA(VLOOKUP(A11,'Balance 11'!$A:$F,6,FALSE)),0,VLOOKUP(A11,'Balance 11'!$A:$F,6,FALSE)) -> 0 | O11: =IF(ISNA(VLOOKUP(A11,'Balance 12'!$A:$F,6,FALSE)),0,VLOOKUP(A11,'Balance 12'!$A:$F,6,FALSE)) -> 0 | Q11: =$P11-I11 -> 0 | V11: 0
A12: 77500000000 | B12: Produits de cessions actifs | C12: =IF(ISNA(VLOOKUP(A12,'balance n-1'!$A:$F,6,FALSE)),0,VLOOKUP(A12,'balance n-1'!$A:$F,6,FALSE)) -> 0 | D12: =IF(ISNA(VLOOKUP(A12,'Balance 01'!$A:$F,6,FALSE)),0,VLOOKUP(A12,'Balance 01'!$A:$F,6,FALSE)) -> 0 | E12: =IF(ISNA(VLOOKUP(A12,'Balance 02'!$A:$F,6,FALSE)),0,VLOOKUP(A12,'Balance 02'!$A:$F,6,FALSE)) -> 0 | F12: =IF(ISNA(VLOOKUP(A12,'Balance 03'!$A:$F,6,FALSE)),0,VLOOKUP(A12,'Balance 03'!$A:$F,6,FALSE)) -> 0 | G12: =IF(ISNA(VLOOKUP(A12,'Balance 04'!$A:$F,6,FALSE)),0,VLOOKUP(A12,'Balance 04'!$A:$F,6,FALSE)) -> 0 | H12: =IF(ISNA(VLOOKUP(A12,'Balance 05'!$A:$F,6,FALSE)),0,VLOOKUP(A12,'Balance 05'!$A:$F,6,FALSE)) -> 0 | I12: =IF(ISNA(VLOOKUP(A12,'Balance 06'!$A:$F,6,FALSE)),0,VLOOKUP(A12,'Balance 06'!$A:$F,6,FALSE)) -> 0 | J12: =IF(ISNA(VLOOKUP(A12,'Balance 07'!$A:$F,6,FALSE)),0,VLOOKUP(A12,'Balance 07'!$A:$F,6,FALSE)) -> 0 | K12: =IF(ISNA(VLOOKUP(A12,'Balance 08'!$A:$F,6,FALSE)),0,VLOOKUP(A12,'Balance 08'!$A:$F,6,FALSE)) -> 0 | L12: =IF(ISNA(VLOOKUP(A12,'Balance 09'!$A:$F,6,FALSE)),0,VLOOKUP(A12,'Balance 09'!$A:$F,6,FALSE)) -> 0 | M12: =IF(ISNA(VLOOKUP(A12,'Balance 10'!$A:$F,6,FALSE)),0,VLOOKUP(A12,'Balance 10'!$A:$F,6,FALSE)) -> 0 | N12: =IF(ISNA(VLOOKUP(A12,'Balance 11'!$A:$F,6,FALSE)),0,VLOOKUP(A12,'Balance 11'!$A:$F,6,FALSE)) -> 0 | O12: =IF(ISNA(VLOOKUP(A12,'Balance 12'!$A:$F,6,FALSE)),0,VLOOKUP(A12,'Balance 12'!$A:$F,6,FALSE)) -> 0 | Q12: =$P12-I12 -> 0 | V12: 0
A13: 75800000000 | B13: Produits divers de gestion | C13: =IF(ISNA(VLOOKUP(A13,'balance n-1'!$A:$F,6,FALSE)),0,VLOOKUP(A13,'balance n-1'!$A:$F,6,FALSE)) -> 548.44 | D13: =IF(VLOOKUP(A13,'Balance 01'!$A:$F,5,FALSE)<>0,-VLOOKUP(A13,'Balance 01'!$A:$F,5,FALSE),IF(ISNA(VLOOKUP(A13,'Balance 01'!$A:$F,6,FALSE)),0,VLOOKUP(A13,'Balance 01'!$A:$F,6,FALSE))) -> 0.74 | E13: =IF(ISNA(VLOOKUP(A13,'Balance 02'!$A:$F,6,FALSE)),0,VLOOKUP(A13,'Balance 02'!$A:$F,6,FALSE)) -> 0.74 | F13: =IF(ISNA(VLOOKUP(A13,'Balance 03'!$A:$F,6,FALSE)),0,VLOOKUP(A13,'Balance 03'!$A:$F,6,FALSE)) -> 0.74 | G13: =IF(ISNA(VLOOKUP(A13,'Balance 04'!$A:$F,6,FALSE)),0,VLOOKUP(A13,'Balance 04'!$A:$F,6,FALSE)) -> 0.74 | H13: =IF(ISNA(VLOOKUP(A13,'Balance 05'!$A:$F,6,FALSE)),0,VLOOKUP(A13,'Balance 05'!$A:$F,6,FALSE)) -> 0.74 | I13: =IF(ISNA(VLOOKUP(A13,'Balance 06'!$A:$F,6,FALSE)),0,VLOOKUP(A13,'Balance 06'!$A:$F,6,FALSE)) -> 1.32 | J13: =IF(ISNA(VLOOKUP(A13,'Balance 07'!$A:$F,6,FALSE)),0,VLOOKUP(A13,'Balance 07'!$A:$F,6,FALSE)) -> 0 | K13: =IF(ISNA(VLOOKUP(A13,'Balance 08'!$A:$F,6,FALSE)),0,VLOOKUP(A13,'Balance 08'!$A:$F,6,FALSE)) -> 0 | L13: =IF(ISNA(VLOOKUP(A13,'Balance 09'!$A:$F,6,FALSE)),0,VLOOKUP(A13,'Balance 09'!$A:$F,6,FALSE)) -> 0 | M13: =IF(ISNA(VLOOKUP(A13,'Balance 10'!$A:$F,6,FALSE)),0,VLOOKUP(A13,'Balance 10'!$A:$F,6,FALSE)) -> 0 | N13: =IF(ISNA(VLOOKUP(A13,'Balance 11'!$A:$F,6,FALSE)),0,VLOOKUP(A13,'Balance 11'!$A:$F,6,FALSE)) -> 0 | O13: =IF(ISNA(VLOOKUP(A13,'Balance 12'!$A:$F,6,FALSE)),0,VLOOKUP(A13,'Balance 12'!$A:$F,6,FALSE)) -> 0 | Q13: =$P13-I13 -> -1.32
A14: 79100000000 | B14: Transferts de charges | C14: =IF(ISNA(VLOOKUP(A14,'balance n-1'!$A:$F,6,FALSE)),0,VLOOKUP(A14,'balance n-1'!$A:$F,6,FALSE)) -> 11922.22 | D14: =IF(VLOOKUP(A14,'Balance 01'!$A:$F,5,FALSE)<>0,-VLOOKUP(A14,'Balance 01'!$A:$F,5,FALSE),IF(ISNA(VLOOKUP(A14,'Balance 01'!$A:$F,6,FALSE)),0,VLOOKUP(A14,'Balance 01'!$A:$F,6,FALSE))) -> -844.2 | E14: =IF(ISNA(VLOOKUP(A14,'Balance 02'!$A:$F,6,FALSE)),0,VLOOKUP(A14,'Balance 02'!$A:$F,6,FALSE)) -> 0 | F14: =IF(ISNA(VLOOKUP(A14,'Balance 03'!$A:$F,6,FALSE)),0,VLOOKUP(A14,'Balance 03'!$A:$F,6,FALSE)) -> 0 | G14: =IF(ISNA(VLOOKUP(A14,'Balance 04'!$A:$F,6,FALSE)),0,VLOOKUP(A14,'Balance 04'!$A:$F,6,FALSE)) -> 0 | H14: =IF(ISNA(VLOOKUP(A14,'Balance 05'!$A:$F,6,FALSE)),0,VLOOKUP(A14,'Balance 05'!$A:$F,6,FALSE)) -> 0 | I14: =IF(ISNA(VLOOKUP(A14,'Balance 06'!$A:$F,6,FALSE)),0,VLOOKUP(A14,'Balance 06'!$A:$F,6,FALSE)) -> 0 | J14: =IF(ISNA(VLOOKUP(A14,'Balance 07'!$A:$F,6,FALSE)),0,VLOOKUP(A14,'Balance 07'!$A:$F,6,FALSE)) -> 0 | K14: =IF(ISNA(VLOOKUP(A14,'Balance 08'!$A:$F,6,FALSE)),0,VLOOKUP(A14,'Balance 08'!$A:$F,6,FALSE)) -> 0 | L14: =IF(ISNA(VLOOKUP(A14,'Balance 09'!$A:$F,6,FALSE)),0,VLOOKUP(A14,'Balance 09'!$A:$F,6,FALSE)) -> 0 | M14: =IF(ISNA(VLOOKUP(A14,'Balance 10'!$A:$F,6,FALSE)),0,VLOOKUP(A14,'Balance 10'!$A:$F,6,FALSE)) -> 0 | N14: =IF(ISNA(VLOOKUP(A14,'Balance 11'!$A:$F,6,FALSE)),0,VLOOKUP(A14,'Balance 11'!$A:$F,6,FALSE)) -> 0 | O14: =IF(ISNA(VLOOKUP(A14,'Balance 12'!$A:$F,6,FALSE)),0,VLOOKUP(A14,'Balance 12'!$A:$F,6,FALSE)) -> 0 | Q14: =$P14-I14 -> 0 | V14: 0
A15: 78940000000 | B15: Reprise des fonds dédiés soins infs | C15: =IF(ISNA(VLOOKUP(A15,'balance n-1'!$A:$F,6,FALSE)),0,VLOOKUP(A15,'balance n-1'!$A:$F,6,FALSE)) -> 9075 | D15: =IF(ISNA(VLOOKUP(A15,'Balance 01'!$A:$F,6,FALSE)),0,VLOOKUP(A15,'Balance 01'!$A:$F,6,FALSE)) -> 0 | E15: =IF(ISNA(VLOOKUP(A15,'Balance 02'!$A:$F,6,FALSE)),0,VLOOKUP(A15,'Balance 02'!$A:$F,6,FALSE)) -> 0 | F15: =IF(ISNA(VLOOKUP(A15,'Balance 03'!$A:$F,6,FALSE)),0,VLOOKUP(A15,'Balance 03'!$A:$F,6,FALSE)) -> 0 | G15: =IF(ISNA(VLOOKUP(A15,'Balance 04'!$A:$F,6,FALSE)),0,VLOOKUP(A15,'Balance 04'!$A:$F,6,FALSE)) -> 0 | H15: =IF(ISNA(VLOOKUP(A15,'Balance 05'!$A:$F,6,FALSE)),0,VLOOKUP(A15,'Balance 05'!$A:$F,6,FALSE)) -> 0 | I15: =IF(ISNA(VLOOKUP(A15,'Balance 06'!$A:$F,6,FALSE)),0,VLOOKUP(A15,'Balance 06'!$A:$F,6,FALSE)) -> 0 | J15: =IF(ISNA(VLOOKUP(A15,'Balance 07'!$A:$F,6,FALSE)),0,VLOOKUP(A15,'Balance 07'!$A:$F,6,FALSE)) -> 0 | K15: =IF(ISNA(VLOOKUP(A15,'Balance 08'!$A:$F,6,FALSE)),0,VLOOKUP(A15,'Balance 08'!$A:$F,6,FALSE)) -> 0 | L15: =IF(ISNA(VLOOKUP(A15,'Balance 09'!$A:$F,6,FALSE)),0,VLOOKUP(A15,'Balance 09'!$A:$F,6,FALSE)) -> 0 | M15: =IF(ISNA(VLOOKUP(A15,'Balance 10'!$A:$F,6,FALSE)),0,VLOOKUP(A15,'Balance 10'!$A:$F,6,FALSE)) -> 0 | N15: =IF(ISNA(VLOOKUP(A15,'Balance 11'!$A:$F,6,FALSE)),0,VLOOKUP(A15,'Balance 11'!$A:$F,6,FALSE)) -> 0 | O15: =IF(ISNA(VLOOKUP(A15,'Balance 12'!$A:$F,6,FALSE)),0,VLOOKUP(A15,'Balance 12'!$A:$F,6,FALSE)) -> 0 | P15: 8000 | Q15: =$P15-I15 -> 8000 | V15: 0
A16: TOTAL Produits | C16: =SUM(C8:C15) -> 633999.89 | D16: =SUM(D8:D15) -> 41207.54 | E16: =SUM(E8:E15) -> 84102.74 | F16: =SUM(F8:F15) -> 126153.74 | G16: =SUM(G8:G15) -> 168204.74 | H16: =SUM(H8:H15) -> 210255.74 | I16: =SUM(I8:I15) -> 254789.32 | J16: =SUM(J8:J15) -> 0 | ... P16: =SUM(P8:P15) -> 521784 | Q16: =$P16-I16 -> 266994.68
A18: CHARGES
A20: GR1
A21: 60610000000 | B21: Electricité | C21: =IF(ISNA(VLOOKUP(A21,'balance n-1'!$A:$F,5,FALSE)),0,VLOOKUP(A21,'balance n-1'!$A:$F,5,FALSE)) -> 356.52 | D21: =IF(ISNA(VLOOKUP(A21,'Balance 01'!$A:$F,5,FALSE)),0,VLOOKUP(A21,'Balance 01'!$A:$F,5,FALSE)) -> 0 | E21: =IF(ISNA(VLOOKUP(A21,'Balance 02'!$A:$F,5,FALSE)),0,VLOOKUP(A21,'Balance 02'!$A:$F,5,FALSE)) -> 68.39 | F21: =IF(ISNA(VLOOKUP(A21,'Balance 03'!$A:$F,5,FALSE)),0,VLOOKUP(A21,'Balance 03'!$A:$F,5,FALSE)) -> 68.39 | G21: =IF(ISNA(VLOOKUP(A21,'Balance 04'!$A:$F,5,FALSE)),0,VLOOKUP(A21,'Balance 04'!$A:$F,5,FALSE)) -> 113.99 | H21: =IF(ISNA(VLOOKUP(A21,'Balance 05'!$A:$F,5,FALSE)),0,VLOOKUP(A21,'Balance 05'!$A:$F,5,FALSE)) -> 113.99 | I21: =IF(ISNA(VLOOKUP(A21,'Balance 06'!$A:$F,5,FALSE)),0,VLOOKUP(A21,'Balance 06'!$A:$F,5,FALSE)) -> 113.99 | J21: =IF(ISNA(VLOOKUP(A21,'Balance 07'!$A:$F,5,FALSE)),0,VLOOKUP(A21,'Balance 06'!$A:$F,5,FALSE)) -> 0 | K21: =IF(ISNA(VLOOKUP(A21,'Balance 08'!$A:$F,5,FALSE)),0,VLOOKUP(A21,'Balance 08'!$A:$F,5,FALSE)) -> 0 | L21: =IF(ISNA(VLOOKUP(A21,'Balance 09'!$A:$F,5,FALSE)),0,VLOOKUP(A21,'Balance 09'!$A:$F,5,FALSE)) -> 0 | M21: =IF(ISNA(VLOOKUP(A21,'Balance 10'!$A:$F,5,FALSE)),0,VLOOKUP(A21,'Balance 10'!$A:$F,5,FALSE)) -> 0 | N21: =IF(ISNA(VLOOKUP(A21,'Balance 11'!$A:$F,5,FALSE)),0,VLOOKUP(A21,'Balance 11'!$A:$F,5,FALSE)) -> 0 | O21: =IF(ISNA(VLOOKUP(A21,'Balance 12'!$A:$F,5,FALSE)),0,VLOOKUP(A21,'Balance 12'!$A:$F,5,FALSE)) -> 0 | P21: 250 | Q21: =$P21-I21 -> 136.01
A22: 60622020000 | B22: Prd entretien | C22: =IF(ISNA(VLOOKUP(A22,'balance n-1'!$A:$F,5,FALSE)),0,VLOOKUP(A22,'balance n-1'!$A:$F,5,FALSE)) -> 0 | D22: =IF(ISNA(VLOOKUP(A22,'Balance 01'!$A:$F,5,FALSE)),0,VLOOKUP(A22,'Balance 01'!$A:$F,5,FALSE)) -> 224 | E22: =IF(ISNA(VLOOKUP(A22,'Balance 02'!$A:$F,5,FALSE)),0,VLOOKUP(A22,'Balance 02'!$A:$F,5,FALSE)) -> 336 | F22: =IF(ISNA(VLOOKUP(A22,'Balance 03'!$A:$F,5,FALSE)),0,VLOOKUP(A22,'Balance 03'!$A:$F,5,FALSE)) -> 504 | G22: =IF(ISNA(VLOOKUP(A22,'Balance 04'!$A:$F,5,FALSE)),0,VLOOKUP(A22,'Balance 04'!$A:$F,5,FALSE)) -> 504 | H22: =IF(ISNA(VLOOKUP(A22,'Balance 05'!$A:$F,5,FALSE)),0,VLOOKUP(A22,'Balance 05'!$A:$F,5,FALSE)) -> 504 | I22: =IF(ISNA(VLOOKUP(A22,'Balance 06'!$A:$F,5,FALSE)),0,VLOOKUP(A22,'Balance 06'!$A:$F,5,FALSE)) -> 504 | J22: =IF(ISNA(VLOOKUP(A22,'Balance 07'!$A:$F,5,FALSE)),0,VLOOKUP(A22,'Balance 06'!$A:$F,5,FALSE)) -> 0 | K22: =IF(ISNA(VLOOKUP(A22,'Balance 08'!$A:$F,5,FALSE)),0,VLOOKUP(A22,'Balance 08'!$A:$F,5,FALSE)) -> 0 | L22: =IF(ISNA(VLOOKUP(A22,'Balance 09'!$A:$F,5,FALSE)),0,VLOOKUP(A22,'Balance 09'!$A:$F,5,FALSE)) -> 0 | M22: =IF(ISNA(VLOOKUP(A22,'Balance 10'!$A:$F,5,FALSE)),0,VLOOKUP(A22,'Balance 10'!$A:$F,5,FALSE)) -> 0 | N22: =IF(ISNA(VLOOKUP(A22,'Balance 11'!$A:$F,6,FALSE)),0,VLOOKUP(A22,'Balance 11'!$A:$F,6,FALSE)) -> 0 | O22: =IF(ISNA(VLOOKUP(A22,'Balance 12'!$A:$F,5,FALSE)),0,VLOOKUP(A22,'Balance 12'!$A:$F,5,FALSE)) -> 0 | P22: 2900 | Q22: =$P22-I22 -> 2396
A23: 60660000000 | B23: Fournitures médicales | C23: =IF(ISNA(VLOOKUP(A23,'balance n-1'!$A:$F,5,FALSE)),0,VLOOKUP(A23,'balance n-1'!$A:$F,5,FALSE)) -> 2065.21 | D23: =IF(ISNA(VLOOKUP(A23,'Balance 01'!$A:$F,5,FALSE)),0,VLOOKUP(A23,'Balance 01'!$A:$F,5,FALSE)) -> 0 | E23: =IF(ISNA(VLOOKUP(A23,'Balance 02'!$A:$F,5,FALSE)),0,VLOOKUP(A23,'Balance 02'!$A:$F,5,FALSE)) -> 0 | F23: =IF(ISNA(VLOOKUP(A23,'Balance 03'!$A:$F,5,FALSE)),0,VLOOKUP(A23,'Balance 03'!$A:$F,5,FALSE)) -> 0 | G23: =IF(ISNA(VLOOKUP(A23,'Balance 04'!$A:$F,5,FALSE)),0,VLOOKUP(A23,'Balance 04'!$A:$F,5,FALSE)) -> 0 | H23: =IF(ISNA(VLOOKUP(A23,'Balance 05'!$A:$F,5,FALSE)),0,VLOOKUP(A23,'Balance 05'!$A:$F,5,FALSE)) -> 0 | I23: =IF(ISNA(VLOOKUP(A23,'Balance 06'!$A:$F,5,FALSE)),0,VLOOKUP(A23,'Balance 06'!$A:$F,5,FALSE)) -> 0 | J23: =IF(ISNA(VLOOKUP(A23,'Balance 07'!$A:$F,5,FALSE)),0,VLOOKUP(A23,'Balance 06'!$A:$F,5,FALSE)) -> 0 | K23: =IF(ISNA(VLOOKUP(A23,'Balance 08'!$A:$F,5,FALSE)),0,VLOOKUP(A23,'Balance 08'!$A:$F,5,FALSE)) -> 0 | L23: =IF(ISNA(VLOOKUP(A23,'Balance 09'!$A:$F,5,FALSE)),0,VLOOKUP(A23,'Balance 09'!$A:$F,5,FALSE)) -> 0 | M23: =IF(ISNA(VLOOKUP(A23,'Balance 10'!$A:$F,5,FALSE)),0,VLOOKUP(A23,'Balance 10'!$A:$F,5,FALSE)) -> 0 | N23: =IF(ISNA(VLOOKUP(A23,'Balance 11'!$A:$F,6,FALSE)),0,VLOOKUP(A23,'Balance 11'!$A:$F,6,FALSE)) -> 0 | O23: =IF(ISNA(VLOOKUP(A23,'Balance 12'!$A:$F,5,FALSE)),0,VLOOKUP(A23,'Balance 12'!$A:$F,5,FALSE)) -> 0 | P23: 0 | Q23: =$P23-I23 -> 0
A24: 60621010000 | B24: Carburant+prod | C24: =IF(ISNA(VLOOKUP(A24,'balance n-1'!$A:$F,5,FALSE)),0,VLOOKUP(A24,'balance n-1'!$A:$F,5,FALSE)) -> 2612.07 | D24: =IF(ISNA(VLOOKUP(A24,'Balance 01'!$A:$F,5,FALSE)),0,VLOOKUP(A24,'Balance 01'!$A:$F,5,FALSE)) -> 186.67 | E24: =IF(ISNA(VLOOKUP(A24,'Balance 02'!$A:$F,5,FALSE)),0,VLOOKUP(A24,'Balance 02'!$A:$F,5,FALSE)) -> 186.67 | F24: =IF(ISNA(VLOOKUP(A24,'Balance 03'!$A:$F,5,FALSE)),0,VLOOKUP(A24,'Balance 03'!$A:$F,5,FALSE)) -> 222.26 | G24: =IF(ISNA(VLOOKUP(A24,'Balance 04'!$A:$F,5,FALSE)),0,VLOOKUP(A24,'Balance 04'!$A:$F,5,FALSE)) -> 222.26 | H24: =IF(ISNA(VLOOKUP(A24,'Balance 05'!$A:$F,5,FALSE)),0,VLOOKUP(A24,'Balance 05'!$A:$F,5,FALSE)) -> 532.4 | I24: =IF(ISNA(VLOOKUP(A24,'Balance 06'!$A:$F,5,FALSE)),0,VLOOKUP(A24,'Balance 06'!$A:$F,5,FALSE)) -> 693.17 | J24: =IF(ISNA(VLOOKUP(A24,'Balance 07'!$A:$F,5,FALSE)),0,VLOOKUP(A24,'Balance 06'!$A:$F,5,FALSE)) -> 0 | K24: =IF(ISNA(VLOOKUP(A24,'Balance 08'!$A:$F,5,FALSE)),0,VLOOKUP(A24,'Balance 08'!$A:$F,5,FALSE)) -> 0 | L24: =IF(ISNA(VLOOKUP(A24,'Balance 09'!$A:$F,5,FALSE)),0,VLOOKUP(A24,'Balance 09'!$A:$F,5,FALSE)) -> 0 | M24: =IF(ISNA(VLOOKUP(A24,'Balance 10'!$A:$F,5,FALSE)),0,VLOOKUP(A24,'Balance 10'!$A:$F,5,FALSE)) -> 0 | N24: =IF(ISNA(VLOOKUP(A24,'Balance 11'!$A:$F,6,FALSE)),0,VLOOKUP(A24,'Balance 11'!$A:$F,6,FALSE)) -> 0 | O24: =IF(ISNA(VLOOKUP(A24,'Balance 12'!$A:$F,5,FALSE)),0,VLOOKUP(A24,'Balance 12'!$A:$F,5,FALSE)) -> 0 | P24: 2300 | Q24: =$P24-I24 -> 1606.83
A25: 60630000000 | B25: Petit matériel | C25: =IF(ISNA(VLOOKUP(A25,'balance n-1'!$A:$F,5,FALSE)),0,VLOOKUP(A25,'balance n-1'!$A:$F,5,FALSE)) -> 2052.21 | D25: =IF(ISNA(VLOOKUP(A25,'Balance 01'!$A:$F,5,FALSE)),0,VLOOKUP(A25,'Balance 01'!$A:$F,5,FALSE)) -> 215.46 | E25: =IF(ISNA(VLOOKUP(A25,'Balance 02'!$A:$F,5,FALSE)),0,VLOOKUP(A25,'Balance 02'!$A:$F,5,FALSE)) -> 215.46 | F25: =IF(ISNA(VLOOKUP(A25,'Balance 03'!$A:$F,5,FALSE)),0,VLOOKUP(A25,'Balance 03'!$A:$F,5,FALSE)) -> 243.19 | G25: =IF(ISNA(VLOOKUP(A25,'Balance 04'!$A:$F,5,FALSE)),0,VLOOKUP(A25,'Balance 04'!$A:$F,5,FALSE)) -> 243.19 | H25: =IF(ISNA(VLOOKUP(A25,'Balance 05'!$A:$F,5,FALSE)),0,VLOOKUP(A25,'Balance 05'!$A:$F,5,FALSE)) -> 243.19 | I25: =IF(ISNA(VLOOKUP(A25,'Balance 06'!$A:$F,5,FALSE)),0,VLOOKUP(A25,'Balance 06'!$A:$F,5,FALSE)) -> 243.19 | J25: =IF(ISNA(VLOOKUP(A25,'Balance 07'!$A:$F,5,FALSE)),0,VLOOKUP(A25,'Balance 06'!$A:$F,5,FALSE)) -> 0 | K25: =IF(ISNA(VLOOKUP(A25,'Balance 08'!$A:$F,5,FALSE)),0,VLOOKUP(A25,'Balance 08'!$A:$F,5,FALSE)) -> 0 | L25: =IF(ISNA(VLOOKUP(A25,'Balance 09'!$A:$F,5,FALSE)),0,VLOOKUP(A25,'Balance 09'!$A:$F,5,FALSE)) -> 0 | M25: =IF(ISNA(VLOOKUP(A25,'Balance 10'!$A:$F,5,FALSE)),0,VLOOKUP(A25,'Balance 10'!$A:$F,5,FALSE)) -> 0 | N25: =IF(ISNA(VLOOKUP(A25,'Balance 11'!$A:$F,6,FALSE)),0,VLOOKUP(A25,'Balance 11'!$A:$F,6,FALSE)) -> 0 | O25: =IF(ISNA(VLOOKUP(A25,'Balance 12'!$A:$F,5,FALSE)),0,VLOOKUP(A25,'Balance 12'!$A:$F,5,FALSE)) -> 0 | P25: 500 | Q25: =$P25-I25 -> 256.81
A26: 60640000000 | B26: Fournitures administratives | C26: =IF(ISNA(VLOOKUP(A26,'balance n-1'!$A:$F,5,FALSE)),0,VLOOKUP(A26,'balance n-1'!$A:$F,5,FALSE)) -> 1359.73 | D26: =IF(ISNA(VLOOKUP(A26,'Balance 01'!$A:$F,5,FALSE)),0,VLOOKUP(A26,'Balance 01'!$A:$F,5,FALSE)) -> 286.59 | E26: =IF(ISNA(VLOOKUP(A26,'Balance 02'!$A:$F,5,FALSE)),0,VLOOKUP(A26,'Balance 02'!$A:$F,5,FALSE)) -> 286.59 | F26: =IF(ISNA(VLOOKUP(A26,'Balance 03'!$A:$F,5,FALSE)),0,VLOOKUP(A26,'Balance 03'!$A:$F,5,FALSE)) -> 286.59 | G26: =IF(ISNA(VLOOKUP(A26,'Balance 04'!$A:$F,5,FALSE)),0,VLOOKUP(A26,'Balance 04'!$A:$F,5,FALSE)) -> 337.01 | H26: =IF(ISNA(VLOOKUP(A26,'Balance 05'!$A:$F,5,FALSE)),0,VLOOKUP(A26,'Balance 05'!$A:$F,5,FALSE)) -> 404.57 | I26: =IF(ISNA(VLOOKUP(A26,'Balance 06'!$A:$F,5,FALSE)),0,VLOOKUP(A26,'Balance 06'!$A:$F,5,FALSE)) -> 404.57 | J26: =IF(ISNA(VLOOKUP(A26,'Balance 07'!$A:$F,5,FALSE)),0,VLOOKUP(A26,'Balance 06'!$A:$F,5,FALSE)) -> 0 | K26: =IF(ISNA(VLOOKUP(A26,'Balance 08'!$A:$F,5,FALSE)),0,VLOOKUP(A26,'Balance 08'!$A:$F,5,FALSE)) -> 0 | L26: =IF(ISNA(VLOOKUP(A26,'Balance 09'!$A:$F,5,FALSE)),0,VLOOKUP(A26,'Balance 09'!$A:$F,5,FALSE)) -> 0 | M26: =IF(ISNA(VLOOKUP(A26,'Balance 10'!$A:$F,5,FALSE)),0,VLOOKUP(A26,'Balance 10'!$A:$F,5,FALSE)) -> 0 | N26: =IF(ISNA(VLOOKUP(A26,'Balance 11'!$A:$F,6,FALSE)),0,VLOOKUP(A26,'Balance 11'!$A:$F,6,FALSE)) -> 0 | O26: =IF(ISNA(VLOOKUP(A26,'Balance 12'!$A:$F,5,FALSE)),0,VLOOKUP(A26,'Balance 12'!$A:$F,5,FALSE)) -> 0 | P26: 5100 | Q26: =$P26-I26 -> 4695.43
A27: 60 | B27: Achats | C27: =SUM(C21:C26) -> 8445.74 | D27: =SUM(D21:D26) -> 912.72 | E27: =SUM(E21:E26) -> 1093.11 | F27: =SUM(F21:F26) -> 1324.43 | G27: =SUM(G21:G26) -> 1420.45 | H27: =SUM(H21:H26) -> 1798.15 | I27: =SUM(I21:I26) -> 1958.92 | J27: =SUM(J21:J26) -> 0 | ... P27: =SUM(P21:P26) -> 11050 | Q27: =$P27-I27 -> 9091.08
A28: 61110000000 | B28: Soins infirmiers | C28: =IF(ISNA(VLOOKUP(A28,'balance n-1'!$A:$F,5,FALSE)),0,VLOOKUP(A28,'balance n-1'!$A:$F,5,FALSE)) -> 66174.52 | D28: =IF(ISNA(VLOOKUP(A28,'Balance 01'!$A:$F,5,FALSE)),0,VLOOKUP(A28,'Balance 01'!$A:$F,5,FALSE)) -> 0 | E28: =IF(ISNA(VLOOKUP(A28,'Balance 02'!$A:$F,5,FALSE)),0,VLOOKUP(A28,'Balance 02'!$A:$F,5,FALSE)) -> 4180.43 | F28: =IF(ISNA(VLOOKUP(A28,'Balance 03'!$A:$F,5,FALSE)),0,VLOOKUP(A28,'Balance 03'!$A:$F,5,FALSE)) -> 8143.26 | G28: =IF(ISNA(VLOOKUP(A28,'Balance 04'!$A:$F,5,FALSE)),0,VLOOKUP(A28,'Balance 04'!$A:$F,5,FALSE)) -> 14354.52 | H28: =IF(ISNA(VLOOKUP(A28,'Balance 05'!$A:$F,5,FALSE)),0,VLOOKUP(A28,'Balance 05'!$A:$F,5,FALSE)) -> 18267.07 | I28: =IF(ISNA(VLOOKUP(A28,'Balance 06'!$A:$F,5,FALSE)),0,VLOOKUP(A28,'Balance 06'!$A:$F,5,FALSE)) -> 18267.07 | J28: =IF(ISNA(VLOOKUP(A28,'Balance 07'!$A:$F,5,FALSE)),0,VLOOKUP(A28,'Balance 06'!$A:$F,5,FALSE)) -> 0 | K28: =IF(ISNA(VLOOKUP(A28,'Balance 08'!$A:$F,5,FALSE)),0,VLOOKUP(A28,'Balance 08'!$A:$F,5,FALSE)) -> 0 | L28: =IF(ISNA(VLOOKUP(A28,'Balance 09'!$A:$F,5,FALSE)),0,VLOOKUP(A28,'Balance 09'!$A:$F,5,FALSE)) -> 0 | M28: =IF(ISNA(VLOOKUP(A28,'Balance 10'!$A:$F,5,FALSE)),0,VLOOKUP(A28,'Balance 10'!$A:$F,5,FALSE)) -> 0 | N28: =IF(ISNA(VLOOKUP(A28,'Balance 11'!$A:$F,6,FALSE)),0,VLOOKUP(A28,'Balance 11'!$A:$F,6,FALSE)) -> 0 | O28: =IF(ISNA(VLOOKUP(A28,'Balance 12'!$A:$F,5,FALSE)),0,VLOOKUP(A28,'Balance 12'!$A:$F,5,FALSE)) -> 0 | P28: =93834-45427 -> 48407 | Q28: =$P28-I28 -> 30139.93
A29: 611 | B29: Services extérieurs | C29: =SUM(C28) -> 66174.52 | D29: =SUM(D28) -> 0 | E29: =SUM(E28) -> 4180.43 | F29: =SUM(F28) -> 8143.26 | G29: =SUM(G28) -> 14354.52 | H29: =SUM(H28) -> 18267.07 | I29: =SUM(I28) -> 18267.07 | J29: =SUM(J28) -> 0 | ... P29: =SUM(P28) -> 48407 | Q29: =$P29-I29 -> 30139.93
A30: 62560000000 | B30: Missions et réceptions | C30: =IF(ISNA(VLOOKUP(A30,'balance n-1'!$A:$F,5,FALSE)),0,VLOOKUP(A30,'balance n-1'!$A:$F,5,FALSE)) -> 374.43 | D30: =IF(ISNA(VLOOKUP(A30,'Balance 01'!$A:$F,5,FALSE)),0,VLOOKUP(A30,'Balance 01'!$A:$F,5,FALSE)) -> 17.6 | E30: =IF(ISNA(VLOOKUP(A30,'Balance 02'!$A:$F,5,FALSE)),0,VLOOKUP(A30,'Balance 02'!$A:$F,5,FALSE)) -> 17.6 | F30: =IF(ISNA(VLOOKUP(A30,'Balance 03'!$A:$F,5,FALSE)),0,VLOOKUP(A30,'Balance 03'!$A:$F,5,FALSE)) -> 29.6 | G30: =IF(ISNA(VLOOKUP(A30,'Balance 04'!$A:$F,5,FALSE)),0,VLOOKUP(A30,'Balance 04'!$A:$F,5,FALSE)) -> 153.4 | H30: =IF(ISNA(VLOOKUP(A30,'Balance 05'!$A:$F,5,FALSE)),0,VLOOKUP(A30,'Balance 05'!$A:$F,5,FALSE)) -> 153.4 | I30: =IF(ISNA(VLOOKUP(A30,'Balance 06'!$A:$F,5,FALSE)),0,VLOOKUP(A30,'Balance 06'!$A:$F,5,FALSE)) -> 153.4 | J30: =IF(ISNA(VLOOKUP(A30,'Balance 07'!$A:$F,5,FALSE)),0,VLOOKUP(A30,'Balance 06'!$A:$F,5,FALSE)) -> 0 | K30: =IF(ISNA(VLOOKUP(A30,'Balance 08'!$A:$F,5,FALSE)),0,VLOOKUP(A30,'Balance 08'!$A:$F,5,FALSE)) -> 0 | L30: =IF(ISNA(VLOOKUP(A30,'Balance 09'!$A:$F,5,FALSE)),0,VLOOKUP(A30,'Balance 09'!$A:$F,5,FALSE)) -> 0 | M30: =IF(ISNA(VLOOKUP(A30,'Balance 10'!$A:$F,5,FALSE)),0,VLOOKUP(A30,'Balance 10'!$A:$F,5,FALSE)) -> 0 | N30: =IF(ISNA(VLOOKUP(A30,'Balance 11'!$A:$F,6,FALSE)),0,VLOOKUP(A30,'Balance 11'!$A:$F,6,FALSE)) -> 0 | O30: =IF(ISNA(VLOOKUP(A30,'Balance 12'!$A:$F,5,FALSE)),0,VLOOKUP(A30,'Balance 12'!$A:$F,5,FALSE)) -> 0 | Q30: =$P30-I30 -> -153.4
A31: 62511000000 | B31: Indemnité kilométriques | C31: =IF(ISNA(VLOOKUP(A31,'balance n-1'!$A:$F,5,FALSE)),0,VLOOKUP(A31,'balance n-1'!$A:$F,5,FALSE)) -> 27013.3 | D31: =IF(ISNA(VLOOKUP(A31,'Balance 01'!$A:$F,5,FALSE)),0,VLOOKUP(A31,'Balance 01'!$A:$F,5,FALSE)) -> 2208.6 | E31: =IF(ISNA(VLOOKUP(A31,'Balance 02'!$A:$F,5,FALSE)),0,VLOOKUP(A31,'Balance 02'!$A:$F,5,FALSE)) -> 4856.04 | F31: =IF(ISNA(VLOOKUP(A31,'Balance 03'!$A:$F,5,FALSE)),0,VLOOKUP(A31,'Balance 03'!$A:$F,5,FALSE)) -> 6992.76 | G31: =IF(ISNA(VLOOKUP(A31,'Balance 04'!$A:$F,5,FALSE)),0,VLOOKUP(A31,'Balance 04'!$A:$F,5,FALSE)) -> 9265.44 | H31: =IF(ISNA(VLOOKUP(A31,'Balance 05'!$A:$F,5,FALSE)),0,VLOOKUP(A31,'Balance 05'!$A:$F,5,FALSE)) -> 10902.36 | I31: =IF(ISNA(VLOOKUP(A31,'Balance 06'!$A:$F,5,FALSE)),0,VLOOKUP(A31,'Balance 06'!$A:$F,5,FALSE)) -> 13287.72 | J31: =IF(ISNA(VLOOKUP(A31,'Balance 07'!$A:$F,5,FALSE)),0,VLOOKUP(A31,'Balance 06'!$A:$F,5,FALSE)) -> 0 | K31: =IF(ISNA(VLOOKUP(A31,'Balance 08'!$A:$F,5,FALSE)),0,VLOOKUP(A31,'Balance 08'!$A:$F,5,FALSE)) -> 0 | L31: =IF(ISNA(VLOOKUP(A31,'Balance 09'!$A:$F,5,FALSE)),0,VLOOKUP(A31,'Balance 09'!$A:$F,5,FALSE)) -> 0 | M31: =IF(ISNA(VLOOKUP(A31,'Balance 10'!$A:$F,5,FALSE)),0,VLOOKUP(A31,'Balance 10'!$A:$F,5,FALSE)) -> 0 | N31: =IF(ISNA(VLOOKUP(A31,'Balance 11'!$A:$F,6,FALSE)),0,VLOOKUP(A31,'Balance 11'!$A:$F,6,FALSE)) -> 0 | O31: =IF(ISNA(VLOOKUP(A31,'Balance 12'!$A:$F,5,FALSE)),0,VLOOKUP(A31,'Balance 12'!$A:$F,5,FALSE)) -> 0 | P31: =135427-104630 -> 30797 | Q31: =$P31-I31 -> 17509.28
A32: 62600000000 | B32: Frais de postaux &télécommunications | C32: =IF(ISNA(VLOOKUP(A32,'balance n-1'!$A:$F,5,FALSE)),0,VLOOKUP(A32,'balance n-1'!$A:$F,5,FALSE)) -> 2481.52 | D32: =IF(ISNA(VLOOKUP(A32,'Balance 01'!$A:$F,5,FALSE)),0,VLOOKUP(A32,'Balance 01'!$A:$F,5,FALSE)) -> 204.95 | E32: =IF(ISNA(VLOOKUP(A32,'Balance 02'!$A:$F,5,FALSE)),0,VLOOKUP(A32,'Balance 02'!$A:$F,5,FALSE)) -> 456.79 | F32: =IF(ISNA(VLOOKUP(A32,'Balance 03'!$A:$F,5,FALSE)),0,VLOOKUP(A32,'Balance 03'!$A:$F,5,FALSE)) -> 590.14 | G32: =IF(ISNA(VLOOKUP(A32,'Balance 04'!$A:$F,5,FALSE)),0,VLOOKUP(A32,'Balance 04'!$A:$F,5,FALSE)) -> 795.98 | H32: =IF(ISNA(VLOOKUP(A32,'Balance 05'!$A:$F,5,FALSE)),0,VLOOKUP(A32,'Balance 05'!$A:$F,5,FALSE)) -> 906.1 | I32: =IF(ISNA(VLOOKUP(A32,'Balance 06'!$A:$F,5,FALSE)),0,VLOOKUP(A32,'Balance 06'!$A:$F,5,FALSE)) -> 906.1 | J32: =IF(ISNA(VLOOKUP(A32,'Balance 07'!$A:$F,5,FALSE)),0,VLOOKUP(A32,'Balance 06'!$A:$F,5,FALSE)) -> 0 | K32: =IF(ISNA(VLOOKUP(A32,'Balance 08'!$A:$F,5,FALSE)),0,VLOOKUP(A32,'Balance 08'!$A:$F,5,FALSE)) -> 0 | L32: =IF(ISNA(VLOOKUP(A32,'Balance 09'!$A:$F,5,FALSE)),0,VLOOKUP(A32,'Balance 09'!$A:$F,5,FALSE)) -> 0 | M32: =IF(ISNA(VLOOKUP(A32,'Balance 10'!$A:$F,5,FALSE)),0,VLOOKUP(A32,'Balance 10'!$A:$F,5,FALSE)) -> 0 | N32: =IF(ISNA(VLOOKUP(A32,'Balance 11'!$A:$F,6,FALSE)),0,VLOOKUP(A32,'Balance 11'!$A:$F,6,FALSE)) -> 0 | O32: =IF(ISNA(VLOOKUP(A32,'Balance 12'!$A:$F,5,FALSE)),0,VLOOKUP(A32,'Balance 12'!$A:$F,5,FALSE)) -> 0 | P32: 2700 | Q32: =$P32-I32 -> 1793.9
A33: 62810000000 | B33: Blanchisserie | C33: =IF(ISNA(VLOOKUP(A33,'balance n-1'!$A:$F,5,FALSE)),0,VLOOKUP(A33,'balance n-1'!$A:$F,5,FALSE)) -> 2305.96 | D33: =IF(ISNA(VLOOKUP(A33,'Balance 01'!$A:$F,5,FALSE)),0,VLOOKUP(A33,'Balance 01'!$A:$F,5,FALSE)) -> 237.79 | E33: =IF(ISNA(VLOOKUP(A33,'Balance 02'!$A:$F,5,FALSE)),0,VLOOKUP(A33,'Balance 02'!$A:$F,5,FALSE)) -> 430.45 | F33: =IF(ISNA(VLOOKUP(A33,'Balance 03'!$A:$F,5,FALSE)),0,VLOOKUP(A33,'Balance 03'!$A:$F,5,FALSE)) -> 620.67 | G33: =IF(ISNA(VLOOKUP(A33,'Balance 04'!$A:$F,5,FALSE)),0,VLOOKUP(A33,'Balance 04'!$A:$F,5,FALSE)) -> 858.46 | H33: =IF(ISNA(VLOOKUP(A33,'Balance 05'!$A:$F,5,FALSE)),0,VLOOKUP(A33,'Balance 05'!$A:$F,5,FALSE)) -> 1048.68 | I33: =IF(ISNA(VLOOKUP(A33,'Balance 06'!$A:$F,5,FALSE)),0,VLOOKUP(A33,'Balance 06'!$A:$F,5,FALSE)) -> 1048.68 | J33: =IF(ISNA(VLOOKUP(A33,'Balance 07'!$A:$F,5,FALSE)),0,VLOOKUP(A33,'Balance 06'!$A:$F,5,FALSE)) -> 0 | K33: =IF(ISNA(VLOOKUP(A33,'Balance 08'!$A:$F,5,FALSE)),0,VLOOKUP(A33,'Balance 08'!$A:$F,5,FALSE)) -> 0 | L33: =IF(ISNA(VLOOKUP(A33,'Balance 09'!$A:$F,5,FALSE)),0,VLOOKUP(A33,'Balance 09'!$A:$F,5,FALSE)) -> 0 | M33: =IF(ISNA(VLOOKUP(A33,'Balance 10'!$A:$F,5,FALSE)),0,VLOOKUP(A33,'Balance 10'!$A:$F,5,FALSE)) -> 0 | N33: =IF(ISNA(VLOOKUP(A33,'Balance 11'!$A:$F,6,FALSE)),0,VLOOKUP(A33,'Balance 11'!$A:$F,6,FALSE)) -> 0 | O33: =IF(ISNA(VLOOKUP(A33,'Balance 12'!$A:$F,5,FALSE)),0,VLOOKUP(A33,'Balance 12'!$A:$F,5,FALSE)) -> 0 | P33: 212 | Q33: =$P33-I33 -> -836.68
A34: 62830000000 | B34: Nettoyage | C34: =IF(ISNA(VLOOKUP(A34,'balance n-1'!$A:$F,5,FALSE)),0,VLOOKUP(A34,'balance n-1'!$A:$F,5,FALSE)) -> 0 | D34: =IF(ISNA(VLOOKUP(A34,'Balance 01'!$A:$F,5,FALSE)),0,VLOOKUP(A34,'Balance 01'!$A:$F,5,FALSE)) -> 0 | E34: =IF(ISNA(VLOOKUP(A34,'Balance 02'!$A:$F,5,FALSE)),0,VLOOKUP(A34,'Balance 02'!$A:$F,5,FALSE)) -> 0 | F34: =IF(ISNA(VLOOKUP(A34,'Balance 03'!$A:$F,5,FALSE)),0,VLOOKUP(A34,'Balance 03'!$A:$F,5,FALSE)) -> 0 | G34: =IF(ISNA(VLOOKUP(A34,'Balance 04'!$A:$F,5,FALSE)),0,VLOOKUP(A34,'Balance 04'!$A:$F,5,FALSE)) -> 0 | H34: =IF(ISNA(VLOOKUP(A34,'Balance 05'!$A:$F,5,FALSE)),0,VLOOKUP(A34,'Balance 05'!$A:$F,5,FALSE)) -> 0 | I34: =IF(ISNA(VLOOKUP(A34,'Balance 06'!$A:$F,5,FALSE)),0,VLOOKUP(A34,'Balance 06'!$A:$F,5,FALSE)) -> 0 | J34: =IF(ISNA(VLOOKUP(A34,'Balance 07'!$A:$F,5,FALSE)),0,VLOOKUP(A34,'Balance 06'!$A:$F,5,FALSE)) -> 0 | K34: =IF(ISNA(VLOOKUP(A34,'Balance 08'!$A:$F,5,FALSE)),0,VLOOKUP(A34,'Balance 08'!$A:$F,5,FALSE)) -> 0 | L34: =IF(ISNA(VLOOKUP(A34,'Balance 09'!$A:$F,5,FALSE)),0,VLOOKUP(A34,'Balance 09'!$A:$F,5,FALSE)) -> 0 | M34: =IF(ISNA(VLOOKUP(A34,'Balance 10'!$A:$F,5,FALSE)),0,VLOOKUP(A34,'Balance 10'!$A:$F,5,FALSE)) -> 0 | N34: =IF(ISNA(VLOOKUP(A34,'Balance 11'!$A:$F,6,FALSE)),0,VLOOKUP(A34,'Balance 11'!$A:$F,6,FALSE)) -> 0 | O34: =IF(ISNA(VLOOKUP(A34,'Balance 12'!$A:$F,5,FALSE)),0,VLOOKUP(A34,'Balance 12'!$A:$F,5,FALSE)) -> 0 | Q34: =$P34-I34 -> 0
A35: 62881000000 | B35: Cotisations | C35: =IF(ISNA(VLOOKUP(A35,'balance n-1'!$A:$F,5,FALSE)),0,VLOOKUP(A35,'balance n-1'!$A:$F,5,FALSE)) -> 525 | D35: =IF(ISNA(VLOOKUP(A35,'Balance 01'!$A:$F,5,FALSE)),0,VLOOKUP(A35,'Balance 01'!$A:$F,5,FALSE)) -> 0 | E35: =IF(ISNA(VLOOKUP(A35,'Balance 02'!$A:$F,5,FALSE)),0,VLOOKUP(A35,'Balance 02'!$A:$F,5,FALSE)) -> 0 | F35: =IF(ISNA(VLOOKUP(A35,'Balance 03'!$A:$F,5,FALSE)),0,VLOOKUP(A35,'Balance 03'!$A:$F,5,FALSE)) -> 0 | G35: =IF(ISNA(VLOOKUP(A35,'Balance 04'!$A:$F,5,FALSE)),0,VLOOKUP(A35,'Balance 04'!$A:$F,5,FALSE)) -> 0 | H35: =IF(ISNA(VLOOKUP(A35,'Balance 05'!$A:$F,5,FALSE)),0,VLOOKUP(A35,'Balance 05'!$A:$F,5,FALSE)) -> 456 | I35: =IF(ISNA(VLOOKUP(A35,'Balance 06'!$A:$F,5,FALSE)),0,VLOOKUP(A35,'Balance 06'!$A:$F,5,FALSE)) -> 456 | J35: =IF(ISNA(VLOOKUP(A35,'Balance 07'!$A:$F,5,FALSE)),0,VLOOKUP(A35,'Balance 06'!$A:$F,5,FALSE)) -> 0 | K35: =IF(ISNA(VLOOKUP(A35,'Balance 08'!$A:$F,5,FALSE)),0,VLOOKUP(A35,'Balance 08'!$A:$F,5,FALSE)) -> 0 | L35: =IF(ISNA(VLOOKUP(A35,'Balance 09'!$A:$F,5,FALSE)),0,VLOOKUP(A35,'Balance 09'!$A:$F,5,FALSE)) -> 0 | M35: =IF(ISNA(VLOOKUP(A35,'Balance 10'!$A:$F,5,FALSE)),0,VLOOKUP(A35,'Balance 10'!$A:$F,5,FALSE)) -> 0 | N35: =IF(ISNA(VLOOKUP(A35,'Balance 11'!$A:$F,6,FALSE)),0,VLOOKUP(A35,'Balance 11'!$A:$F,6,FALSE)) -> 0 | O35: =IF(ISNA(VLOOKUP(A35,'Balance 12'!$A:$F,5,FALSE)),0,VLOOKUP(A35,'Balance 12'!$A:$F,5,FALSE)) -> 0 | P35: 668 | Q35: =$P35-I35 -> 212
A36: 62 | B36: Autres services extérieurs | C36: =SUM(C30:C35) -> 32700.21 | D36: =SUM(D30:D35) -> 2668.94 | E36: =SUM(E30:E35) -> 5760.88 | F36: =SUM(F30:F35) -> 8233.17 | G36: =SUM(G30:G35) -> 11073.28 | H36: =SUM(H30:H35) -> 13466.54 | I36: =SUM(I30:I35) -> 15851.9 | J36: =SUM(J30:J35) -> 0 | ... P36: =SUM(P30:P35) -> 34377 | Q36: =$P36-I36 -> 18525.1
A37: Total GR 1 | C37: =C36+C29+C27 -> 107320.47 | D37: =D36+D29+D27 -> 3581.66 | E37: =E36+E29+E27 -> 11034.42 | F37: =F36+F29+F27 -> 17700.86 | G37: =G36+G29+G27 -> 26848.25 | H37: =H36+H29+H27 -> 33531.76 | I37: =I36+I29+I27 -> 36077.89 | J37: =J36+J29+J27 -> 0 | ... P37: =P36+P29+P27 -> 93834 | Q37: =$P37-I37 -> 57756.11
A39: GR 2
A40: 62100000000 | B40: Personnel extérieur à l'entreprise | C40: =IF(ISNA(VLOOKUP(A40,'balance n-1'!$A:$F,5,FALSE)),0,VLOOKUP(A40,'balance n-1'!$A:$F,5,FALSE)) -> 11414.1 | D40: =IF(ISNA(VLOOKUP(A40,'Balance 01'!$A:$F,5,FALSE)),0,VLOOKUP(A40,'Balance 01'!$A:$F,5,FALSE)) -> 1749.02 | E40: =IF(ISNA(VLOOKUP(A40,'Balance 02'!$A:$F,5,FALSE)),0,VLOOKUP(A40,'Balance 02'!$A:$F,5,FALSE)) -> 7358.46 | F40: =IF(ISNA(VLOOKUP(A40,'Balance 03'!$A:$F,5,FALSE)),0,VLOOKUP(A40,'Balance 03'!$A:$F,5,FALSE)) -> 8326.56 | G40: =IF(ISNA(VLOOKUP(A40,'Balance 04'!$A:$F,5,FALSE)),0,VLOOKUP(A40,'Balance 04'!$A:$F,5,FALSE)) -> 8326.56 | H40: =IF(ISNA(VLOOKUP(A40,'Balance 05'!$A:$F,5,FALSE)),0,VLOOKUP(A40,'Balance 05'!$A:$F,5,FALSE)) -> 10453.39 | I40: =IF(ISNA(VLOOKUP(A40,'Balance 06'!$A:$F,5,FALSE)),0,VLOOKUP(A40,'Balance 06'!$A:$F,5,FALSE)) -> 10453.39 | J40: =IF(ISNA(VLOOKUP(A40,'Balance 07'!$A:$F,5,FALSE)),0,VLOOKUP(A40,'Balance 06'!$A:$F,5,FALSE)) -> 0 | K40: =IF(ISNA(VLOOKUP(A40,'Balance 08'!$A:$F,5,FALSE)),0,VLOOKUP(A40,'Balance 08'!$A:$F,5,FALSE)) -> 0 | L40: =IF(ISNA(VLOOKUP(A40,'Balance 09'!$A:$F,5,FALSE)),0,VLOOKUP(A40,'Balance 09'!$A:$F,5,FALSE)) -> 0 | M40: =IF(ISNA(VLOOKUP(A40,'Balance 10'!$A:$F,5,FALSE)),0,VLOOKUP(A40,'Balance 10'!$A:$F,5,FALSE)) -> 0 | N40: =IF(ISNA(VLOOKUP(A40,'Balance 11'!$A:$F,6,FALSE)),0,VLOOKUP(A40,'Balance 11'!$A:$F,6,FALSE)) -> 0 | O40: =IF(ISNA(VLOOKUP(A40,'Balance 12'!$A:$F,5,FALSE)),0,VLOOKUP(A40,'Balance 12'!$A:$F,5,FALSE)) -> 0 | Q40: =$P40-I40 -> -10453.39
A41: 62260000000 | B41: Honoraires | C41: =IF(ISNA(VLOOKUP(A41,'balance n-1'!$A:$F,5,FALSE)),0,VLOOKUP(A41,'balance n-1'!$A:$F,5,FALSE)) -> 2354.78 | D41: =IF(ISNA(VLOOKUP(A41,'Balance 01'!$A:$F,5,FALSE)),0,VLOOKUP(A41,'Balance 01'!$A:$F,5,FALSE)) -> 300 | E41: =IF(ISNA(VLOOKUP(A41,'Balance 02'!$A:$F,5,FALSE)),0,VLOOKUP(A41,'Balance 02'!$A:$F,5,FALSE)) -> 600 | F41: =IF(ISNA(VLOOKUP(A41,'Balance 03'!$A:$F,5,FALSE)),0,VLOOKUP(A41,'Balance 03'!$A:$F,5,FALSE)) -> 3385 | G41: =IF(ISNA(VLOOKUP(A41,'Balance 04'!$A:$F,5,FALSE)),0,VLOOKUP(A41,'Balance 04'!$A:$F,5,FALSE)) -> 3685 | H41: =IF(ISNA(VLOOKUP(A41,'Balance 05'!$A:$F,5,FALSE)),0,VLOOKUP(A41,'Balance 05'!$A:$F,5,FALSE)) -> 3685 | I41: =IF(ISNA(VLOOKUP(A41,'Balance 06'!$A:$F,5,FALSE)),0,VLOOKUP(A41,'Balance 06'!$A:$F,5,FALSE)) -> 3685 | J41: =IF(ISNA(VLOOKUP(A41,'Balance 07'!$A:$F,5,FALSE)),0,VLOOKUP(A41,'Balance 06'!$A:$F,5,FALSE)) -> 0 | K41: =IF(ISNA(VLOOKUP(A41,'Balance 08'!$A:$F,5,FALSE)),0,VLOOKUP(A41,'Balance 08'!$A:$F,5,FALSE)) -> 0 | L41: =IF(ISNA(VLOOKUP(A41,'Balance 09'!$A:$F,5,FALSE)),0,VLOOKUP(A41,'Balance 09'!$A:$F,5,FALSE)) -> 0 | M41: =IF(ISNA(VLOOKUP(A41,'Balance 10'!$A:$F,5,FALSE)),0,VLOOKUP(A41,'Balance 10'!$A:$F,5,FALSE)) -> 0 | N41: =IF(ISNA(VLOOKUP(A41,'Balance 11'!$A:$F,6,FALSE)),0,VLOOKUP(A41,'Balance 11'!$A:$F,6,FALSE)) -> 0 | O41: =IF(ISNA(VLOOKUP(A41,'Balance 12'!$A:$F,5,FALSE)),0,VLOOKUP(A41,'Balance 12'!$A:$F,5,FALSE)) -> 0 | P41: =14120-8000 -> 6120 | Q41: =$P41-I41 -> 2435
A42: 62264000000 | B42: Honoraires démarche qualité | C42: =IF(ISNA(VLOOKUP(A42,'balance n-1'!$A:$F,5,FALSE)),0,VLOOKUP(A42,'balance n-1'!$A:$F,5,FALSE)) -> 330 | D42: =IF(ISNA(VLOOKUP(A42,'Balance 01'!$A:$F,5,FALSE)),0,VLOOKUP(A42,'Balance 01'!$A:$F,5,FALSE)) -> 0 | E42: =IF(ISNA(VLOOKUP(A42,'Balance 02'!$A:$F,5,FALSE)),0,VLOOKUP(A42,'Balance 02'!$A:$F,5,FALSE)) -> 720 | F42: =IF(ISNA(VLOOKUP(A42,'Balance 03'!$A:$F,5,FALSE)),0,VLOOKUP(A42,'Balance 03'!$A:$F,5,FALSE)) -> 720 | G42: =IF(ISNA(VLOOKUP(A42,'Balance 04'!$A:$F,5,FALSE)),0,VLOOKUP(A42,'Balance 04'!$A:$F,5,FALSE)) -> 846.67 | H42: =IF(ISNA(VLOOKUP(A42,'Balance 05'!$A:$F,5,FALSE)),0,VLOOKUP(A42,'Balance 05'!$A:$F,5,FALSE)) -> 846.67 | I42: =IF(ISNA(VLOOKUP(A42,'Balance 06'!$A:$F,5,FALSE)),0,VLOOKUP(A42,'Balance 06'!$A:$F,5,FALSE)) -> 1620.13 | J42: =IF(ISNA(VLOOKUP(A42,'Balance 07'!$A:$F,5,FALSE)),0,VLOOKUP(A42,'Balance 06'!$A:$F,5,FALSE)) -> 0 | K42: =IF(ISNA(VLOOKUP(A42,'Balance 08'!$A:$F,5,FALSE)),0,VLOOKUP(A42,'Balance 08'!$A:$F,5,FALSE)) -> 0 | L42: =IF(ISNA(VLOOKUP(A42,'Balance 09'!$A:$F,5,FALSE)),0,VLOOKUP(A42,'Balance 09'!$A:$F,5,FALSE)) -> 0 | M42: =IF(ISNA(VLOOKUP(A42,'Balance 10'!$A:$F,5,FALSE)),0,VLOOKUP(A42,'Balance 10'!$A:$F,5,FALSE)) -> 0 | N42: =IF(ISNA(VLOOKUP(A42,'Balance 11'!$A:$F,6,FALSE)),0,VLOOKUP(A42,'Balance 11'!$A:$F,6,FALSE)) -> 0 | O42: =IF(ISNA(VLOOKUP(A42,'Balance 12'!$A:$F,5,FALSE)),0,VLOOKUP(A42,'Balance 12'!$A:$F,5,FALSE)) -> 0 | P42: 8000 | Q42: =$P42-I42 -> 6379.87
A43: 63110000000 | B43: Taxe sur les salaires | C43: =IF(ISNA(VLOOKUP(A43,'balance n-1'!$A:$F,5,FALSE)),0,VLOOKUP(A43,'balance n-1'!$A:$F,5,FALSE)) -> 16195.67 | D43: =IF(ISNA(VLOOKUP(A43,'Balance 01'!$A:$F,5,FALSE)),0,VLOOKUP(A43,'Balance 01'!$A:$F,5,FALSE)) -> 1389.42 | E43: =IF(ISNA(VLOOKUP(A43,'Balance 02'!$A:$F,5,FALSE)),0,VLOOKUP(A43,'Balance 02'!$A:$F,5,FALSE)) -> 2845.87 | F43: =IF(ISNA(VLOOKUP(A43,'Balance 03'!$A:$F,5,FALSE)),0,VLOOKUP(A43,'Balance 03'!$A:$F,5,FALSE)) -> 4451.16 | G43: =IF(ISNA(VLOOKUP(A43,'Balance 04'!$A:$F,5,FALSE)),0,VLOOKUP(A43,'Balance 04'!$A:$F,5,FALSE)) -> 5653.2 | H43: =IF(ISNA(VLOOKUP(A43,'Balance 05'!$A:$F,5,FALSE)),0,VLOOKUP(A43,'Balance 05'!$A:$F,5,FALSE)) -> 7442.74 | I43: =IF(ISNA(VLOOKUP(A43,'Balance 06'!$A:$F,5,FALSE)),0,VLOOKUP(A43,'Balance 06'!$A:$F,5,FALSE)) -> 9634.13 | J43: =IF(ISNA(VLOOKUP(A43,'Balance 07'!$A:$F,5,FALSE)),0,VLOOKUP(A43,'Balance 06'!$A:$F,5,FALSE)) -> 0 | K43: =IF(ISNA(VLOOKUP(A43,'Balance 08'!$A:$F,5,FALSE)),0,VLOOKUP(A43,'Balance 08'!$A:$F,5,FALSE)) -> 0 | L43: =IF(ISNA(VLOOKUP(A43,'Balance 09'!$A:$F,5,FALSE)),0,VLOOKUP(A43,'Balance 09'!$A:$F,5,FALSE)) -> 0 | M43: =IF(ISNA(VLOOKUP(A43,'Balance 10'!$A:$F,5,FALSE)),0,VLOOKUP(A43,'Balance 10'!$A:$F,5,FALSE)) -> 0 | N43: =IF(ISNA(VLOOKUP(A43,'Balance 11'!$A:$F,6,FALSE)),0,VLOOKUP(A43,'Balance 11'!$A:$F,6,FALSE)) -> 0 | O43: =IF(ISNA(VLOOKUP(A43,'Balance 12'!$A:$F,5,FALSE)),0,VLOOKUP(A43,'Balance 12'!$A:$F,5,FALSE)) -> 0 | P43: =408021-396956 -> 11065 | Q43: =$P43-I43 -> 1430.87 | V43: 0
A44: 63330000000 | B44: Unifaf | C44: =IF(ISNA(VLOOKUP(A44,'balance n-1'!$A:$F,5,FALSE)),0,VLOOKUP(A44,'balance n-1'!$A:$F,5,FALSE)) -> 5450.12 | D44: =IF(ISNA(VLOOKUP(A44,'Balance 01'!$A:$F,5,FALSE)),0,VLOOKUP(A44,'Balance 01'!$A:$F,5,FALSE)) -> 0 | E44: =IF(ISNA(VLOOKUP(A44,'Balance 02'!$A:$F,5,FALSE)),0,VLOOKUP(A44,'Balance 02'!$A:$F,5,FALSE)) -> 0 | F44: =IF(ISNA(VLOOKUP(A44,'Balance 03'!$A:$F,5,FALSE)),0,VLOOKUP(A44,'Balance 03'!$A:$F,5,FALSE)) -> 0 | G44: =IF(ISNA(VLOOKUP(A44,'Balance 04'!$A:$F,5,FALSE)),0,VLOOKUP(A44,'Balance 04'!$A:$F,5,FALSE)) -> 0 | H44: =IF(ISNA(VLOOKUP(A44,'Balance 05'!$A:$F,5,FALSE)),0,VLOOKUP(A44,'Balance 05'!$A:$F,5,FALSE)) -> 1421.9 | I44: =IF(ISNA(VLOOKUP(A44,'Balance 06'!$A:$F,5,FALSE)),0,VLOOKUP(A44,'Balance 06'!$A:$F,5,FALSE)) -> 1421.9 | J44: =IF(ISNA(VLOOKUP(A44,'Balance 07'!$A:$F,5,FALSE)),0,VLOOKUP(A44,'Balance 06'!$A:$F,5,FALSE)) -> 0 | K44: =IF(ISNA(VLOOKUP(A44,'Balance 08'!$A:$F,5,FALSE)),0,VLOOKUP(A44,'Balance 08'!$A:$F,5,FALSE)) -> 0 | L44: =IF(ISNA(VLOOKUP(A44,'Balance 09'!$A:$F,5,FALSE)),0,VLOOKUP(A44,'Balance 09'!$A:$F,5,FALSE)) -> 0 | M44: =IF(ISNA(VLOOKUP(A44,'Balance 10'!$A:$F,5,FALSE)),0,VLOOKUP(A44,'Balance 10'!$A:$F,5,FALSE)) -> 0 | N44: =IF(ISNA(VLOOKUP(A44,'Balance 11'!$A:$F,6,FALSE)),0,VLOOKUP(A44,'Balance 11'!$A:$F,6,FALSE)) -> 0 | O44: =IF(ISNA(VLOOKUP(A44,'Balance 12'!$A:$F,5,FALSE)),0,VLOOKUP(A44,'Balance 12'!$A:$F,5,FALSE)) -> 0 | P44: 7468 | Q44: =$P44-I44 -> 6046.1 | V44: 0
A45: 64100000000 | B45: Salaires | C45: =IF(ISNA(VLOOKUP(A45,'balance n-1'!$A:$F,5,FALSE)),0,VLOOKUP(A45,'balance n-1'!$A:$F,5,FALSE)) -> 253608.65 | D45: =IF(ISNA(VLOOKUP(A45,'Balance 01'!$A:$F,5,FALSE)),0,VLOOKUP(A45,'Balance 01'!$A:$F,5,FALSE)) -> 19821.06 | E45: =IF(ISNA(VLOOKUP(A45,'Balance 02'!$A:$F,5,FALSE)),0,VLOOKUP(A45,'Balance 02'!$A:$F,5,FALSE)) -> 41858.65 | F45: =IF(ISNA(VLOOKUP(A45,'Balance 03'!$A:$F,5,FALSE)),0,VLOOKUP(A45,'Balance 03'!$A:$F,5,FALSE)) -> 66743.02 | G45: =IF(ISNA(VLOOKUP(A45,'Balance 04'!$A:$F,5,FALSE)),0,VLOOKUP(A45,'Balance 04'!$A:$F,5,FALSE)) -> 86647.63 | H45: =IF(ISNA(VLOOKUP(A45,'Balance 05'!$A:$F,5,FALSE)),0,VLOOKUP(A45,'Balance 05'!$A:$F,5,FALSE)) -> 112398.25 | I45: =IF(ISNA(VLOOKUP(A45,'Balance 06'!$A:$F,5,FALSE)),0,VLOOKUP(A45,'Balance 06'!$A:$F,5,FALSE)) -> 139212.78 | J45: =IF(ISNA(VLOOKUP(A45,'Balance 07'!$A:$F,5,FALSE)),0,VLOOKUP(A45,'Balance 06'!$A:$F,5,FALSE)) -> 0 | K45: =IF(ISNA(VLOOKUP(A45,'Balance 08'!$A:$F,5,FALSE)),0,VLOOKUP(A45,'Balance 08'!$A:$F,5,FALSE)) -> 0 | L45: =IF(ISNA(VLOOKUP(A45,'Balance 09'!$A:$F,5,FALSE)),0,VLOOKUP(A45,'Balance 09'!$A:$F,5,FALSE)) -> 0 | M45: =IF(ISNA(VLOOKUP(A45,'Balance 10'!$A:$F,5,FALSE)),0,VLOOKUP(A45,'Balance 10'!$A:$F,5,FALSE)) -> 0 | N45: =IF(ISNA(VLOOKUP(A45,'Balance 11'!$A:$F,6,FALSE)),0,VLOOKUP(A45,'Balance 11'!$A:$F,6,FALSE)) -> 0 | O45: =IF(ISNA(VLOOKUP(A45,'Balance 12'!$A:$F,5,FALSE)),0,VLOOKUP(A45,'Balance 12'!$A:$F,5,FALSE)) -> 0 | P45: 264160 | Q45: =$P45-I45 -> 124947.22 | V45: 0
A46: 64140000000 | B46: Indemnité de licenciement | C46: =IF(ISNA(VLOOKUP(A46,'balance n-1'!$A:$F,5,FALSE)),0,VLOOKUP(A46,'balance n-1'!$A:$F,5,FALSE)) -> 0 | D46: =IF(ISNA(VLOOKUP(A46,'Balance 01'!$A:$F,5,FALSE)),0,VLOOKUP(A46,'Balance 01'!$A:$F,5,FALSE)) -> 0 | E46: =IF(ISNA(VLOOKUP(A46,'Balance 02'!$A:$F,5,FALSE)),0,VLOOKUP(A46,'Balance 02'!$A:$F,5,FALSE)) -> 0 | F46: =IF(ISNA(VLOOKUP(A46,'Balance 03'!$A:$F,5,FALSE)),0,VLOOKUP(A46,'Balance 03'!$A:$F,5,FALSE)) -> 0 | G46: =IF(ISNA(VLOOKUP(A46,'Balance 04'!$A:$F,5,FALSE)),0,VLOOKUP(A46,'Balance 04'!$A:$F,5,FALSE)) -> 0 | H46: =IF(ISNA(VLOOKUP(A46,'Balance 05'!$A:$F,5,FALSE)),0,VLOOKUP(A46,'Balance 05'!$A:$F,5,FALSE)) -> 2861.63 | I46: =IF(ISNA(VLOOKUP(A46,'Balance 06'!$A:$F,5,FALSE)),0,VLOOKUP(A46,'Balance 06'!$A:$F,5,FALSE)) -> 2861.63 | J46: =IF(ISNA(VLOOKUP(A46,'Balance 07'!$A:$F,5,FALSE)),0,VLOOKUP(A46,'Balance 06'!$A:$F,5,FALSE)) -> 0 | K46: =IF(ISNA(VLOOKUP(A46,'Balance 08'!$A:$F,5,FALSE)),0,VLOOKUP(A46,'Balance 08'!$A:$F,5,FALSE)) -> 0 | L46: =IF(ISNA(VLOOKUP(A46,'Balance 09'!$A:$F,5,FALSE)),0,VLOOKUP(A46,'Balance 09'!$A:$F,5,FALSE)) -> 0 | M46: =IF(ISNA(VLOOKUP(A46,'Balance 10'!$A:$F,5,FALSE)),0,VLOOKUP(A46,'Balance 10'!$A:$F,5,FALSE)) -> 0 | N46: =IF(ISNA(VLOOKUP(A46,'Balance 11'!$A:$F,6,FALSE)),0,VLOOKUP(A46,'Balance 11'!$A:$F,6,FALSE)) -> 0 | O46: =IF(ISNA(VLOOKUP(A46,'Balance 12'!$A:$F,5,FALSE)),0,VLOOKUP(A46,'Balance 12'!$A:$F,5,FALSE)) -> 0 | Q46: =$P46-I46 -> -2861.63
A47: 64120000000 | B47: Congés payés | C47: =IF(ISNA(VLOOKUP(A47,'balance n-1'!$A:$F,5,FALSE)),0,VLOOKUP(A47,'balance n-1'!$A:$F,5,FALSE)) -> 528 | D47: =IF(ISNA(VLOOKUP(A47,'Balance 01'!$A:$F,5,FALSE)),0,VLOOKUP(A47,'Balance 01'!$A:$F,5,FALSE)) -> 0 | E47: =IF(ISNA(VLOOKUP(A47,'Balance 02'!$A:$F,5,FALSE)),0,VLOOKUP(A47,'Balance 02'!$A:$F,5,FALSE)) -> 0 | F47: =IF(ISNA(VLOOKUP(A47,'Balance 03'!$A:$F,5,FALSE)),0,VLOOKUP(A47,'Balance 03'!$A:$F,5,FALSE)) -> 0 | G47: =IF(ISNA(VLOOKUP(A47,'Balance 04'!$A:$F,5,FALSE)),0,VLOOKUP(A47,'Balance 04'!$A:$F,5,FALSE)) -> 0 | H47: =IF(ISNA(VLOOKUP(A47,'Balance 05'!$A:$F,5,FALSE)),0,VLOOKUP(A47,'Balance 05'!$A:$F,5,FALSE)) -> 0 | I47: =IF(ISNA(VLOOKUP(A47,'Balance 06'!$A:$F,5,FALSE)),0,VLOOKUP(A47,'Balance 06'!$A:$F,5,FALSE)) -> 0 | J47: =IF(ISNA(VLOOKUP(A47,'Balance 07'!$A:$F,5,FALSE)),0,VLOOKUP(A47,'Balance 06'!$A:$F,5,FALSE)) -> 0 | K47: =IF(ISNA(VLOOKUP(A47,'Balance 08'!$A:$F,5,FALSE)),0,VLOOKUP(A47,'Balance 08'!$A:$F,5,FALSE)) -> 0 | L47: =IF(ISNA(VLOOKUP(A47,'Balance 09'!$A:$F,5,FALSE)),0,VLOOKUP(A47,'Balance 09'!$A:$F,5,FALSE)) -> 0 | M47: =IF(ISNA(VLOOKUP(A47,'Balance 10'!$A:$F,5,FALSE)),0,VLOOKUP(A47,'Balance 10'!$A:$F,5,FALSE)) -> 0 | N47: =IF(ISNA(VLOOKUP(A47,'Balance 11'!$A:$F,6,FALSE)),0,VLOOKUP(A47,'Balance 11'!$A:$F,6,FALSE)) -> 0 | O47: =IF(ISNA(VLOOKUP(A47,'Balance 12'!$A:$F,5,FALSE)),0,VLOOKUP(A47,'Balance 12'!$A:$F,5,FALSE)) -> 0 | Q47: =$P47-I47 -> 0
A48: 64500000000 | B48: Charges sociales | C48: =IF(ISNA(VLOOKUP(A48,'balance n-1'!$A:$F,5,FALSE)),0,VLOOKUP(A48,'balance n-1'!$A:$F,5,FALSE)) -> 105827.06 | D48: =IF(ISNA(VLOOKUP(A48,'Balance 01'!$A:$F,5,FALSE)),0,VLOOKUP(A48,'Balance 01'!$A:$F,5,FALSE)) -> 8246.51 | E48: =IF(ISNA(VLOOKUP(A48,'Balance 02'!$A:$F,5,FALSE)),0,VLOOKUP(A48,'Balance 02'!$A:$F,5,FALSE)) -> 17058.59 | F48: =IF(ISNA(VLOOKUP(A48,'Balance 03'!$A:$F,5,FALSE)),0,VLOOKUP(A48,'Balance 03'!$A:$F,5,FALSE)) -> 27593.15 | G48: =IF(ISNA(VLOOKUP(A48,'Balance 04'!$A:$F,5,FALSE)),0,VLOOKUP(A48,'Balance 04'!$A:$F,5,FALSE)) -> 35622.03 | H48: =IF(ISNA(VLOOKUP(A48,'Balance 05'!$A:$F,5,FALSE)),0,VLOOKUP(A48,'Balance 05'!$A:$F,5,FALSE)) -> 46816.76 | I48: =IF(ISNA(VLOOKUP(A48,'Balance 06'!$A:$F,5,FALSE)),0,VLOOKUP(A48,'Balance 06'!$A:$F,5,FALSE)) -> 59390.75 | J48: =IF(ISNA(VLOOKUP(A48,'Balance 07'!$A:$F,5,FALSE)),0,VLOOKUP(A48,'Balance 06'!$A:$F,5,FALSE)) -> 0 | K48: =IF(ISNA(VLOOKUP(A48,'Balance 08'!$A:$F,5,FALSE)),0,VLOOKUP(A48,'Balance 08'!$A:$F,5,FALSE)) -> 0 | L48: =IF(ISNA(VLOOKUP(A48,'Balance 09'!$A:$F,5,FALSE)),0,VLOOKUP(A48,'Balance 09'!$A:$F,5,FALSE)) -> 0 | M48: =IF(ISNA(VLOOKUP(A48,'Balance 10'!$A:$F,5,FALSE)),0,VLOOKUP(A48,'Balance 10'!$A:$F,5,FALSE)) -> 0 | N48: =IF(ISNA(VLOOKUP(A48,'Balance 11'!$A:$F,6,FALSE)),0,VLOOKUP(A48,'Balance 11'!$A:$F,6,FALSE)) -> 0 | O48: =IF(ISNA(VLOOKUP(A48,'Balance 12'!$A:$F,5,FALSE)),0,VLOOKUP(A48,'Balance 12'!$A:$F,5,FALSE)) -> 0 | P48: 108161 | Q48: =$P48-I48 -> 48770.25 | V48: 0
A49: 64520000000 | B49: Charges sociales / congés | C49: =IF(ISNA(VLOOKUP(A49,'balance n-1'!$A:$F,5,FALSE)),0,VLOOKUP(A49,'balance n-1'!$A:$F,5,FALSE)) -> 1104 | D49: =IF(ISNA(VLOOKUP(A49,'Balance 01'!$A:$F,5,FALSE)),0,VLOOKUP(A49,'Balance 01'!$A:$F,5,FALSE)) -> 0 | E49: =IF(ISNA(VLOOKUP(A49,'Balance 02'!$A:$F,5,FALSE)),0,VLOOKUP(A49,'Balance 02'!$A:$F,5,FALSE)) -> 0 | F49: =IF(ISNA(VLOOKUP(A49,'Balance 03'!$A:$F,5,FALSE)),0,VLOOKUP(A49,'Balance 03'!$A:$F,5,FALSE)) -> 0 | G49: =IF(ISNA(VLOOKUP(A49,'Balance 04'!$A:$F,5,FALSE)),0,VLOOKUP(A49,'Balance 04'!$A:$F,5,FALSE)) -> 0 | H49: =IF(ISNA(VLOOKUP(A49,'Balance 05'!$A:$F,5,FALSE)),0,VLOOKUP(A49,'Balance 05'!$A:$F,5,FALSE)) -> 0 | I49: =IF(ISNA(VLOOKUP(A49,'Balance 06'!$A:$F,5,FALSE)),0,VLOOKUP(A49,'Balance 06'!$A:$F,5,FALSE)) -> 0 | J49: =IF(ISNA(VLOOKUP(A49,'Balance 07'!$A:$F,5,FALSE)),0,VLOOKUP(A49,'Balance 06'!$A:$F,5,FALSE)) -> 0 | K49: =IF(ISNA(VLOOKUP(A49,'Balance 08'!$A:$F,5,FALSE)),0,VLOOKUP(A49,'Balance 08'!$A:$F,5,FALSE)) -> 0 | L49: =IF(ISNA(VLOOKUP(A49,'Balance 09'!$A:$F,5,FALSE)),0,VLOOKUP(A49,'Balance 09'!$A:$F,5,FALSE)) -> 0 | M49: =IF(ISNA(VLOOKUP(A49,'Balance 10'!$A:$F,5,FALSE)),0,VLOOKUP(A49,'Balance 10'!$A:$F,5,FALSE)) -> 0 | N49: =IF(ISNA(VLOOKUP(A49,'Balance 11'!$A:$F,6,FALSE)),0,VLOOKUP(A49,'Balance 11'!$A:$F,6,FALSE)) -> 0 | O49: =IF(ISNA(VLOOKUP(A49,'Balance 12'!$A:$F,5,FALSE)),0,VLOOKUP(A49,'Balance 12'!$A:$F,5,FALSE)) -> 0 | Q49: =$P49-I49 -> 0
A50: 64750000000 | B50: Médecine du travail | C50: =IF(ISNA(VLOOKUP(A50,'balance n-1'!$A:$F,5,FALSE)),0,VLOOKUP(A50,'balance n-1'!$A:$F,5,FALSE)) -> 1966.59 | D50: =IF(ISNA(VLOOKUP(A50,'Balance 01'!$A:$F,5,FALSE)),0,VLOOKUP(A50,'Balance 01'!$A:$F,5,FALSE)) -> 0 | E50: =IF(ISNA(VLOOKUP(A50,'Balance 02'!$A:$F,5,FALSE)),0,VLOOKUP(A50,'Balance 02'!$A:$F,5,FALSE)) -> 459.59 | F50: =IF(ISNA(VLOOKUP(A50,'Balance 03'!$A:$F,5,FALSE)),0,VLOOKUP(A50,'Balance 03'!$A:$F,5,FALSE)) -> 459.59 | G50: =IF(ISNA(VLOOKUP(A50,'Balance 04'!$A:$F,5,FALSE)),0,VLOOKUP(A50,'Balance 04'!$A:$F,5,FALSE)) -> 887.14 | H50: =IF(ISNA(VLOOKUP(A50,'Balance 05'!$A:$F,5,FALSE)),0,VLOOKUP(A50,'Balance 05'!$A:$F,5,FALSE)) -> 887.14 | I50: =IF(ISNA(VLOOKUP(A50,'Balance 06'!$A:$F,5,FALSE)),0,VLOOKUP(A50,'Balance 06'!$A:$F,5,FALSE)) -> 887.14 | J50: =IF(ISNA(VLOOKUP(A50,'Balance 07'!$A:$F,5,FALSE)),0,VLOOKUP(A50,'Balance 06'!$A:$F,5,FALSE)) -> 0 | K50: =IF(ISNA(VLOOKUP(A50,'Balance 08'!$A:$F,5,FALSE)),0,VLOOKUP(A50,'Balance 08'!$A:$F,5,FALSE)) -> 0 | L50: =IF(ISNA(VLOOKUP(A50,'Balance 09'!$A:$F,5,FALSE)),0,VLOOKUP(A50,'Balance 09'!$A:$F,5,FALSE)) -> 0 | M50: =IF(ISNA(VLOOKUP(A50,'Balance 10'!$A:$F,5,FALSE)),0,VLOOKUP(A50,'Balance 10'!$A:$F,5,FALSE)) -> 0 | N50: =IF(ISNA(VLOOKUP(A50,'Balance 11'!$A:$F,6,FALSE)),0,VLOOKUP(A50,'Balance 11'!$A:$F,6,FALSE)) -> 0 | O50: =IF(ISNA(VLOOKUP(A50,'Balance 12'!$A:$F,5,FALSE)),0,VLOOKUP(A50,'Balance 12'!$A:$F,5,FALSE)) -> 0 | P50: 1422 | Q50: =$P50-I50 -> 534.86 | V50: 0
A51: 64800000000 | B51: Formation | C51: =IF(ISNA(VLOOKUP(A51,'balance n-1'!$A:$F,5,FALSE)),0,VLOOKUP(A51,'balance n-1'!$A:$F,5,FALSE)) -> 8435.95 | D51: =IF(ISNA(VLOOKUP(A51,'Balance 01'!$A:$F,5,FALSE)),0,VLOOKUP(A51,'Balance 01'!$A:$F,5,FALSE)) -> 2812 | E51: =IF(ISNA(VLOOKUP(A51,'Balance 02'!$A:$F,5,FALSE)),0,VLOOKUP(A51,'Balance 02'!$A:$F,5,FALSE)) -> 2812 | F51: =IF(ISNA(VLOOKUP(A51,'Balance 03'!$A:$F,5,FALSE)),0,VLOOKUP(A51,'Balance 03'!$A:$F,5,FALSE)) -> 2862 | G51: =IF(ISNA(VLOOKUP(A51,'Balance 04'!$A:$F,5,FALSE)),0,VLOOKUP(A51,'Balance 04'!$A:$F,5,FALSE)) -> 3960 | H51: =IF(ISNA(VLOOKUP(A51,'Balance 05'!$A:$F,5,FALSE)),0,VLOOKUP(A51,'Balance 05'!$A:$F,5,FALSE)) -> 5042 | I51: =IF(ISNA(VLOOKUP(A51,'Balance 06'!$A:$F,5,FALSE)),0,VLOOKUP(A51,'Balance 06'!$A:$F,5,FALSE)) -> 5042 | J51: =IF(ISNA(VLOOKUP(A51,'Balance 07'!$A:$F,5,FALSE)),0,VLOOKUP(A51,'Balance 06'!$A:$F,5,FALSE)) -> 0 | K51: =IF(ISNA(VLOOKUP(A51,'Balance 08'!$A:$F,5,FALSE)),0,VLOOKUP(A51,'Balance 08'!$A:$F,5,FALSE)) -> 0 | L51: =IF(ISNA(VLOOKUP(A51,'Balance 09'!$A:$F,5,FALSE)),0,VLOOKUP(A51,'Balance 09'!$A:$F,5,FALSE)) -> 0 | M51: =IF(ISNA(VLOOKUP(A51,'Balance 10'!$A:$F,5,FALSE)),0,VLOOKUP(A51,'Balance 10'!$A:$F,5,FALSE)) -> 0 | N51: =IF(ISNA(VLOOKUP(A51,'Balance 11'!$A:$F,6,FALSE)),0,VLOOKUP(A51,'Balance 11'!$A:$F,6,FALSE)) -> 0 | O51: =IF(ISNA(VLOOKUP(A51,'Balance 12'!$A:$F,5,FALSE)),0,VLOOKUP(A51,'Balance 12'!$A:$F,5,FALSE)) -> 0 | P51: 1625 | Q51: =$P51-I51 -> -3417 | V51: 0
A52: Total GR 2 | C52: =SUM(C40:C51) -> 407214.92 | D52: =SUM(D40:D51) -> 34318.01 | E52: =SUM(E40:E51) -> 73713.16 | F52: =SUM(F40:F51) -> 114540.48 | G52: =SUM(G40:G51) -> 145628.23 | H52: =SUM(H40:H51) -> 191855.48 | I52: =SUM(I40:I51) -> 234208.85 | J52: =SUM(J40:J51) -> 0 | ... P52: =SUM(P40:P51) -> 408021 | Q52: =$P52-I52 -> 173812.15 | V52: 0
V53: 0
A54: GR 3 | V54: 0
A55: 61200000000 | B55: Crédit bail voitures | C55: =IF(ISNA(VLOOKUP(A55,'balance n-1'!$A:$F,5,FALSE)),0,VLOOKUP(A55,'balance n-1'!$A:$F,5,FALSE)) -> 0 | D55: =IF(ISNA(VLOOKUP(A55,'Balance 01'!$A:$F,5,FALSE)),0,VLOOKUP(A55,'Balance 01'!$A:$F,5,FALSE)) -> 0 | E55: =IF(ISNA(VLOOKUP(A55,'Balance 02'!$A:$F,5,FALSE)),0,VLOOKUP(A55,'Balance 02'!$A:$F,5,FALSE)) -> 0 | F55: =IF(ISNA(VLOOKUP(A55,'Balance 03'!$A:$F,5,FALSE)),0,VLOOKUP(A55,'Balance 03'!$A:$F,5,FALSE)) -> 0 | G55: =IF(ISNA(VLOOKUP(A55,'Balance 04'!$A:$F,5,FALSE)),0,VLOOKUP(A55,'Balance 04'!$A:$F,5,FALSE)) -> 0 | H55: =IF(ISNA(VLOOKUP(A55,'Balance 05'!$A:$F,5,FALSE)),0,VLOOKUP(A55,'Balance 05'!$A:$F,5,FALSE)) -> 0 | I55: =IF(ISNA(VLOOKUP(A55,'Balance 06'!$A:$F,5,FALSE)),0,VLOOKUP(A55,'Balance 06'!$A:$F,5,FALSE)) -> 0 | J55: =IF(ISNA(VLOOKUP(A55,'Balance 07'!$A:$F,5,FALSE)),0,VLOOKUP(A55,'Balance 06'!$A:$F,5,FALSE)) -> 0 | K55: =IF(ISNA(VLOOKUP(A55,'Balance 08'!$A:$F,5,FALSE)),0,VLOOKUP(A55,'Balance 08'!$A:$F,5,FALSE)) -> 0 | L55: =IF(ISNA(VLOOKUP(A55,'Balance 09'!$A:$F,5,FALSE)),0,VLOOKUP(A55,'Balance 09'!$A:$F,5,FALSE)) -> 0 | M55: =IF(ISNA(VLOOKUP(A55,'Balance 10'!$A:$F,5,FALSE)),0,VLOOKUP(A55,'Balance 10'!$A:$F,5,FALSE)) -> 0 | N55: =IF(ISNA(VLOOKUP(A55,'Balance 11'!$A:$F,6,FALSE)),0,VLOOKUP(A55,'Balance 11'!$A:$F,6,FALSE)) -> 0 | O55: =IF(ISNA(VLOOKUP(A55,'Balance 12'!$A:$F,5,FALSE)),0,VLOOKUP(A55,'Balance 12'!$A:$F,5,FALSE)) -> 0 | P55: 545 | Q55: =$P55-I55 -> 545 | V55: 0
A56: 61210000000 | B56: Crédit bail copieur | C56: =IF(ISNA(VLOOKUP(A56,'balance n-1'!$A:$F,5,FALSE)),0,VLOOKUP(A56,'balance n-1'!$A:$F,5,FALSE)) -> 1835.14 | D56: =IF(ISNA(VLOOKUP(A56,'Balance 01'!$A:$F,5,FALSE)),0,VLOOKUP(A56,'Balance 01'!$A:$F,5,FALSE)) -> 362.7 | E56: =IF(ISNA(VLOOKUP(A56,'Balance 02'!$A:$F,5,FALSE)),0,VLOOKUP(A56,'Balance 02'!$A:$F,5,FALSE)) -> 362.7 | F56: =IF(ISNA(VLOOKUP(A56,'Balance 03'!$A:$F,5,FALSE)),0,VLOOKUP(A56,'Balance 03'!$A:$F,5,FALSE)) -> 725.4 | G56: =IF(ISNA(VLOOKUP(A56,'Balance 04'!$A:$F,5,FALSE)),0,VLOOKUP(A56,'Balance 04'!$A:$F,5,FALSE)) -> 949.78 | H56: =IF(ISNA(VLOOKUP(A56,'Balance 05'!$A:$F,5,FALSE)),0,VLOOKUP(A56,'Balance 05'!$A:$F,5,FALSE)) -> 949.78 | I56: =IF(ISNA(VLOOKUP(A56,'Balance 06'!$A:$F,5,FALSE)),0,VLOOKUP(A56,'Balance 06'!$A:$F,5,FALSE)) -> 949.78 | J56: =IF(ISNA(VLOOKUP(A56,'Balance 07'!$A:$F,5,FALSE)),0,VLOOKUP(A56,'Balance 06'!$A:$F,5,FALSE)) -> 0 | K56: =IF(ISNA(VLOOKUP(A56,'Balance 08'!$A:$F,5,FALSE)),0,VLOOKUP(A56,'Balance 08'!$A:$F,5,FALSE)) -> 0 | L56: =IF(ISNA(VLOOKUP(A56,'Balance 09'!$A:$F,5,FALSE)),0,VLOOKUP(A56,'Balance 09'!$A:$F,5,FALSE)) -> 0 | M56: =IF(ISNA(VLOOKUP(A56,'Balance 10'!$A:$F,5,FALSE)),0,VLOOKUP(A56,'Balance 10'!$A:$F,5,FALSE)) -> 0 | N56: =IF(ISNA(VLOOKUP(A56,'Balance 11'!$A:$F,6,FALSE)),0,VLOOKUP(A56,'Balance 11'!$A:$F,6,FALSE)) -> 0 | O56: =IF(ISNA(VLOOKUP(A56,'Balance 12'!$A:$F,5,FALSE)),0,VLOOKUP(A56,'Balance 12'!$A:$F,5,FALSE)) -> 0 | P56: 0 | Q56: =$P56-I56 -> -949.78
A57: 61320000000 | B57: Location immobilières | C57: =IF(ISNA(VLOOKUP(A57,'balance n-1'!$A:$F,5,FALSE)),0,VLOOKUP(A57,'balance n-1'!$A:$F,5,FALSE)) -> 10080 | D57: =IF(ISNA(VLOOKUP(A57,'Balance 01'!$A:$F,5,FALSE)),0,VLOOKUP(A57,'Balance 01'!$A:$F,5,FALSE)) -> 840 | E57: =IF(ISNA(VLOOKUP(A57,'Balance 02'!$A:$F,5,FALSE)),0,VLOOKUP(A57,'Balance 02'!$A:$F,5,FALSE)) -> 1680 | F57: =IF(ISNA(VLOOKUP(A57,'Balance 03'!$A:$F,5,FALSE)),0,VLOOKUP(A57,'Balance 03'!$A:$F,5,FALSE)) -> 2520 | G57: =IF(ISNA(VLOOKUP(A57,'Balance 04'!$A:$F,5,FALSE)),0,VLOOKUP(A57,'Balance 04'!$A:$F,5,FALSE)) -> 3360 | H57: =IF(ISNA(VLOOKUP(A57,'Balance 05'!$A:$F,5,FALSE)),0,VLOOKUP(A57,'Balance 05'!$A:$F,5,FALSE)) -> 4200 | I57: =IF(ISNA(VLOOKUP(A57,'Balance 06'!$A:$F,5,FALSE)),0,VLOOKUP(A57,'Balance 06'!$A:$F,5,FALSE)) -> 5040 | J57: =IF(ISNA(VLOOKUP(A57,'Balance 07'!$A:$F,5,FALSE)),0,VLOOKUP(A57,'Balance 06'!$A:$F,5,FALSE)) -> 0 | K57: =IF(ISNA(VLOOKUP(A57,'Balance 08'!$A:$F,5,FALSE)),0,VLOOKUP(A57,'Balance 08'!$A:$F,5,FALSE)) -> 0 | L57: =IF(ISNA(VLOOKUP(A57,'Balance 09'!$A:$F,5,FALSE)),0,VLOOKUP(A57,'Balance 09'!$A:$F,5,FALSE)) -> 0 | M57: =IF(ISNA(VLOOKUP(A57,'Balance 10'!$A:$F,5,FALSE)),0,VLOOKUP(A57,'Balance 10'!$A:$F,5,FALSE)) -> 0 | N57: =IF(ISNA(VLOOKUP(A57,'Balance 11'!$A:$F,6,FALSE)),0,VLOOKUP(A57,'Balance 11'!$A:$F,6,FALSE)) -> 0 | O57: =IF(ISNA(VLOOKUP(A57,'Balance 12'!$A:$F,5,FALSE)),0,VLOOKUP(A57,'Balance 12'!$A:$F,5,FALSE)) -> 0 | Q57: =$P57-I57 -> -5040 | V57: 0
A58: 61350000000 | B58: Locations mobilières | C58: =IF(ISNA(VLOOKUP(A58,'balance n-1'!$A:$F,5,FALSE)),0,VLOOKUP(A58,'balance n-1'!$A:$F,5,FALSE)) -> 0 | D58: =IF(ISNA(VLOOKUP(A58,'Balance 01'!$A:$F,5,FALSE)),0,VLOOKUP(A58,'Balance 01'!$A:$F,5,FALSE)) -> 0 | E58: =IF(ISNA(VLOOKUP(A58,'Balance 02'!$A:$F,5,FALSE)),0,VLOOKUP(A58,'Balance 02'!$A:$F,5,FALSE)) -> 0 | F58: =IF(ISNA(VLOOKUP(A58,'Balance 03'!$A:$F,5,FALSE)),0,VLOOKUP(A58,'Balance 03'!$A:$F,5,FALSE)) -> 0 | G58: =IF(ISNA(VLOOKUP(A58,'Balance 04'!$A:$F,5,FALSE)),0,VLOOKUP(A58,'Balance 04'!$A:$F,5,FALSE)) -> 0 | H58: =IF(ISNA(VLOOKUP(A58,'Balance 05'!$A:$F,5,FALSE)),0,VLOOKUP(A58,'Balance 05'!$A:$F,5,FALSE)) -> 0 | I58: =IF(ISNA(VLOOKUP(A58,'Balance 06'!$A:$F,5,FALSE)),0,VLOOKUP(A58,'Balance 06'!$A:$F,5,FALSE)) -> 0 | J58: =IF(ISNA(VLOOKUP(A58,'Balance 07'!$A:$F,5,FALSE)),0,VLOOKUP(A58,'Balance 06'!$A:$F,5,FALSE)) -> 0 | K58: =IF(ISNA(VLOOKUP(A58,'Balance 08'!$A:$F,5,FALSE)),0,VLOOKUP(A58,'Balance 08'!$A:$F,5,FALSE)) -> 0 | L58: =IF(ISNA(VLOOKUP(A58,'Balance 09'!$A:$F,5,FALSE)),0,VLOOKUP(A58,'Balance 09'!$A:$F,5,FALSE)) -> 0 | M58: =IF(ISNA(VLOOKUP(A58,'Balance 10'!$A:$F,5,FALSE)),0,VLOOKUP(A58,'Balance 10'!$A:$F,5,FALSE)) -> 0 | N58: =IF(ISNA(VLOOKUP(A58,'Balance 11'!$A:$F,6,FALSE)),0,VLOOKUP(A58,'Balance 11'!$A:$F,6,FALSE)) -> 0 | O58: =IF(ISNA(VLOOKUP(A58,'Balance 12'!$A:$F,5,FALSE)),0,VLOOKUP(A58,'Balance 12'!$A:$F,5,FALSE)) -> 0 | P58: 0 | Q58: =$P58-I58 -> 0 | V58: 0
A59: 61400000000 | B59: Charges locatives | C59: =IF(ISNA(VLOOKUP(A59,'balance n-1'!$A:$F,5,FALSE)),0,VLOOKUP(A59,'balance n-1'!$A:$F,5,FALSE)) -> 589 | D59: =IF(ISNA(VLOOKUP(A59,'Balance 01'!$A:$F,5,FALSE)),0,VLOOKUP(A59,'Balance 01'!$A:$F,5,FALSE)) -> 0 | E59: =IF(ISNA(VLOOKUP(A59,'Balance 02'!$A:$F,5,FALSE)),0,VLOOKUP(A59,'Balance 02'!$A:$F,5,FALSE)) -> 0 | F59: =IF(ISNA(VLOOKUP(A59,'Balance 03'!$A:$F,5,FALSE)),0,VLOOKUP(A59,'Balance 03'!$A:$F,5,FALSE)) -> 0 | G59: =IF(ISNA(VLOOKUP(A59,'Balance 04'!$A:$F,5,FALSE)),0,VLOOKUP(A59,'Balance 04'!$A:$F,5,FALSE)) -> 0 | H59: =IF(ISNA(VLOOKUP(A59,'Balance 05'!$A:$F,5,FALSE)),0,VLOOKUP(A59,'Balance 05'!$A:$F,5,FALSE)) -> 0 | I59: =IF(ISNA(VLOOKUP(A59,'Balance 06'!$A:$F,5,FALSE)),0,VLOOKUP(A59,'Balance 06'!$A:$F,5,FALSE)) -> 0 | J59: =IF(ISNA(VLOOKUP(A59,'Balance 07'!$A:$F,5,FALSE)),0,VLOOKUP(A59,'Balance 06'!$A:$F,5,FALSE)) -> 0 | K59: =IF(ISNA(VLOOKUP(A59,'Balance 08'!$A:$F,5,FALSE)),0,VLOOKUP(A59,'Balance 08'!$A:$F,5,FALSE)) -> 0 | L59: =IF(ISNA(VLOOKUP(A59,'Balance 09'!$A:$F,5,FALSE)),0,VLOOKUP(A59,'Balance 09'!$A:$F,5,FALSE)) -> 0 | M59: =IF(ISNA(VLOOKUP(A59,'Balance 10'!$A:$F,5,FALSE)),0,VLOOKUP(A59,'Balance 10'!$A:$F,5,FALSE)) -> 0 | N59: =IF(ISNA(VLOOKUP(A59,'Balance 11'!$A:$F,6,FALSE)),0,VLOOKUP(A59,'Balance 11'!$A:$F,6,FALSE)) -> 0 | O59: =IF(ISNA(VLOOKUP(A59,'Balance 12'!$A:$F,5,FALSE)),0,VLOOKUP(A59,'Balance 12'!$A:$F,5,FALSE)) -> 0 | P59: 0 | Q59: =$P59-I59 -> 0
A60: 61500000000 | B60: Entretiens et réparations | C60: =IF(ISNA(VLOOKUP(A60,'balance n-1'!$A:$F,5,FALSE)),0,VLOOKUP(A60,'balance n-1'!$A:$F,5,FALSE)) -> 0 | D60: =IF(ISNA(VLOOKUP(A60,'Balance 01'!$A:$F,5,FALSE)),0,VLOOKUP(A60,'Balance 01'!$A:$F,5,FALSE)) -> 0 | E60: =IF(ISNA(VLOOKUP(A60,'Balance 02'!$A:$F,5,FALSE)),0,VLOOKUP(A60,'Balance 02'!$A:$F,5,FALSE)) -> 0 | F60: =IF(ISNA(VLOOKUP(A60,'Balance 03'!$A:$F,5,FALSE)),0,VLOOKUP(A60,'Balance 03'!$A:$F,5,FALSE)) -> 0 | G60: =IF(ISNA(VLOOKUP(A60,'Balance 04'!$A:$F,5,FALSE)),0,VLOOKUP(A60,'Balance 04'!$A:$F,5,FALSE)) -> 0 | H60: =IF(ISNA(VLOOKUP(A60,'Balance 05'!$A:$F,5,FALSE)),0,VLOOKUP(A60,'Balance 05'!$A:$F,5,FALSE)) -> 0 | I60: =IF(ISNA(VLOOKUP(A60,'Balance 06'!$A:$F,5,FALSE)),0,VLOOKUP(A60,'Balance 06'!$A:$F,5,FALSE)) -> 0 | J60: =IF(ISNA(VLOOKUP(A60,'Balance 07'!$A:$F,5,FALSE)),0,VLOOKUP(A60,'Balance 06'!$A:$F,5,FALSE)) -> 0 | K60: =IF(ISNA(VLOOKUP(A60,'Balance 08'!$A:$F,5,FALSE)),0,VLOOKUP(A60,'Balance 08'!$A:$F,5,FALSE)) -> 0 | L60: =IF(ISNA(VLOOKUP(A60,'Balance 09'!$A:$F,5,FALSE)),0,VLOOKUP(A60,'Balance 09'!$A:$F,5,FALSE)) -> 0 | M60: =IF(ISNA(VLOOKUP(A60,'Balance 10'!$A:$F,5,FALSE)),0,VLOOKUP(A60,'Balance 10'!$A:$F,5,FALSE)) -> 0 | N60: =IF(ISNA(VLOOKUP(A60,'Balance 11'!$A:$F,6,FALSE)),0,VLOOKUP(A60,'Balance 11'!$A:$F,6,FALSE)) -> 0 | O60: =IF(ISNA(VLOOKUP(A60,'Balance 12'!$A:$F,5,FALSE)),0,VLOOKUP(A60,'Balance 12'!$A:$F,5,FALSE)) -> 0 | Q60: =$P60-I60 -> 0
A61: 61552000000 | B61: Entretiens et rep voitures | C61: =IF(ISNA(VLOOKUP(A61,'balance n-1'!$A:$F,5,FALSE)),0,VLOOKUP(A61,'balance n-1'!$A:$F,5,FALSE)) -> 1051.49 | D61: =IF(ISNA(VLOOKUP(A61,'Balance 01'!$A:$F,5,FALSE)),0,VLOOKUP(A61,'Balance 01'!$A:$F,5,FALSE)) -> 0 | E61: =IF(ISNA(VLOOKUP(A61,'Balance 02'!$A:$F,5,FALSE)),0,VLOOKUP(A61,'Balance 02'!$A:$F,5,FALSE)) -> 0 | F61: =IF(ISNA(VLOOKUP(A61,'Balance 03'!$A:$F,5,FALSE)),0,VLOOKUP(A61,'Balance 03'!$A:$F,5,FALSE)) -> 74.88 | G61: =IF(ISNA(VLOOKUP(A61,'Balance 04'!$A:$F,5,FALSE)),0,VLOOKUP(A61,'Balance 04'!$A:$F,5,FALSE)) -> 74.88 | H61: =IF(ISNA(VLOOKUP(A61,'Balance 05'!$A:$F,5,FALSE)),0,VLOOKUP(A61,'Balance 05'!$A:$F,5,FALSE)) -> 312.78 | I61: =IF(ISNA(VLOOKUP(A61,'Balance 06'!$A:$F,5,FALSE)),0,VLOOKUP(A61,'Balance 06'!$A:$F,5,FALSE)) -> 312.78 | J61: =IF(ISNA(VLOOKUP(A61,'Balance 07'!$A:$F,5,FALSE)),0,VLOOKUP(A61,'Balance 06'!$A:$F,5,FALSE)) -> 0 | K61: =IF(ISNA(VLOOKUP(A61,'Balance 08'!$A:$F,5,FALSE)),0,VLOOKUP(A61,'Balance 08'!$A:$F,5,FALSE)) -> 0 | L61: =IF(ISNA(VLOOKUP(A61,'Balance 09'!$A:$F,5,FALSE)),0,VLOOKUP(A61,'Balance 09'!$A:$F,5,FALSE)) -> 0 | M61: =IF(ISNA(VLOOKUP(A61,'Balance 10'!$A:$F,5,FALSE)),0,VLOOKUP(A61,'Balance 10'!$A:$F,5,FALSE)) -> 0 | N61: =IF(ISNA(VLOOKUP(A61,'Balance 11'!$A:$F,6,FALSE)),0,VLOOKUP(A61,'Balance 11'!$A:$F,6,FALSE)) -> 0 | O61: =IF(ISNA(VLOOKUP(A61,'Balance 12'!$A:$F,5,FALSE)),0,VLOOKUP(A61,'Balance 12'!$A:$F,5,FALSE)) -> 0 | P61: 2000 | Q61: =$P61-I61 -> 1687.22
A62: 61560000000 | B62: Maintenance | C62: =IF(ISNA(VLOOKUP(A62,'balance n-1'!$A:$F,5,FALSE)),0,VLOOKUP(A62,'balance n-1'!$A:$F,5,FALSE)) -> 163.95 | D62: =IF(ISNA(VLOOKUP(A62,'Balance 01'!$A:$F,5,FALSE)),0,VLOOKUP(A62,'Balance 01'!$A:$F,5,FALSE)) -> 0 | E62: =IF(ISNA(VLOOKUP(A62,'Balance 02'!$A:$F,5,FALSE)),0,VLOOKUP(A62,'Balance 02'!$A:$F,5,FALSE)) -> 0 | F62: =IF(ISNA(VLOOKUP(A62,'Balance 03'!$A:$F,5,FALSE)),0,VLOOKUP(A62,'Balance 03'!$A:$F,5,FALSE)) -> 0 | G62: =IF(ISNA(VLOOKUP(A62,'Balance 04'!$A:$F,5,FALSE)),0,VLOOKUP(A62,'Balance 04'!$A:$F,5,FALSE)) -> 0 | H62: =IF(ISNA(VLOOKUP(A62,'Balance 05'!$A:$F,5,FALSE)),0,VLOOKUP(A62,'Balance 05'!$A:$F,5,FALSE)) -> 0 | I62: =IF(ISNA(VLOOKUP(A62,'Balance 06'!$A:$F,5,FALSE)),0,VLOOKUP(A62,'Balance 06'!$A:$F,5,FALSE)) -> 0 | J62: =IF(ISNA(VLOOKUP(A62,'Balance 07'!$A:$F,5,FALSE)),0,VLOOKUP(A62,'Balance 06'!$A:$F,5,FALSE)) -> 0 | K62: =IF(ISNA(VLOOKUP(A62,'Balance 08'!$A:$F,5,FALSE)),0,VLOOKUP(A62,'Balance 08'!$A:$F,5,FALSE)) -> 0 | L62: =IF(ISNA(VLOOKUP(A62,'Balance 09'!$A:$F,5,FALSE)),0,VLOOKUP(A62,'Balance 09'!$A:$F,5,FALSE)) -> 0 | M62: =IF(ISNA(VLOOKUP(A62,'Balance 10'!$A:$F,5,FALSE)),0,VLOOKUP(A62,'Balance 10'!$A:$F,5,FALSE)) -> 0 | N62: =IF(ISNA(VLOOKUP(A62,'Balance 11'!$A:$F,6,FALSE)),0,VLOOKUP(A62,'Balance 11'!$A:$F,6,FALSE)) -> 0 | O62: =IF(ISNA(VLOOKUP(A62,'Balance 12'!$A:$F,5,FALSE)),0,VLOOKUP(A62,'Balance 12'!$A:$F,5,FALSE)) -> 0 | Q62: =$P62-I62 -> 0
A63: 61561000000 | B63: Maintenance informatique | C63: =IF(ISNA(VLOOKUP(A63,'balance n-1'!$A:$F,5,FALSE)),0,VLOOKUP(A63,'balance n-1'!$A:$F,5,FALSE)) -> 720.62 | D63: =IF(ISNA(VLOOKUP(A63,'Balance 01'!$A:$F,5,FALSE)),0,VLOOKUP(A63,'Balance 01'!$A:$F,5,FALSE)) -> 560.34 | E63: =IF(ISNA(VLOOKUP(A63,'Balance 02'!$A:$F,5,FALSE)),0,VLOOKUP(A63,'Balance 02'!$A:$F,5,FALSE)) -> 852.01 | F63: =IF(ISNA(VLOOKUP(A63,'Balance 03'!$A:$F,5,FALSE)),0,VLOOKUP(A63,'Balance 03'!$A:$F,5,FALSE)) -> 1055.33 | G63: =IF(ISNA(VLOOKUP(A63,'Balance 04'!$A:$F,5,FALSE)),0,VLOOKUP(A63,'Balance 04'!$A:$F,5,FALSE)) -> 1055.33 | H63: =IF(ISNA(VLOOKUP(A63,'Balance 05'!$A:$F,5,FALSE)),0,VLOOKUP(A63,'Balance 05'!$A:$F,5,FALSE)) -> 2117.33 | I63: =IF(ISNA(VLOOKUP(A63,'Balance 06'!$A:$F,5,FALSE)),0,VLOOKUP(A63,'Balance 06'!$A:$F,5,FALSE)) -> 2117.33 | J63: =IF(ISNA(VLOOKUP(A63,'Balance 07'!$A:$F,5,FALSE)),0,VLOOKUP(A63,'Balance 06'!$A:$F,5,FALSE)) -> 0 | K63: =IF(ISNA(VLOOKUP(A63,'Balance 08'!$A:$F,5,FALSE)),0,VLOOKUP(A63,'Balance 08'!$A:$F,5,FALSE)) -> 0 | L63: =IF(ISNA(VLOOKUP(A63,'Balance 09'!$A:$F,5,FALSE)),0,VLOOKUP(A63,'Balance 09'!$A:$F,5,FALSE)) -> 0 | M63: =IF(ISNA(VLOOKUP(A63,'Balance 10'!$A:$F,5,FALSE)),0,VLOOKUP(A63,'Balance 10'!$A:$F,5,FALSE)) -> 0 | N63: =IF(ISNA(VLOOKUP(A63,'Balance 11'!$A:$F,6,FALSE)),0,VLOOKUP(A63,'Balance 11'!$A:$F,6,FALSE)) -> 0 | O63: =IF(ISNA(VLOOKUP(A63,'Balance 12'!$A:$F,5,FALSE)),0,VLOOKUP(A63,'Balance 12'!$A:$F,5,FALSE)) -> 0 | P63: =18839-11696 -> 7143 | Q63: =$P63-I63 -> 5025.67
A64: 61600000000 | B64: Assurances | C64: =IF(ISNA(VLOOKUP(A64,'balance n-1'!$A:$F,5,FALSE)),0,VLOOKUP(A64,'balance n-1'!$A:$F,5,FALSE)) -> 1019.7 | D64: =IF(ISNA(VLOOKUP(A64,'Balance 01'!$A:$F,5,FALSE)),0,VLOOKUP(A64,'Balance 01'!$A:$F,5,FALSE)) -> 1031.8 | E64: =IF(ISNA(VLOOKUP(A64,'Balance 02'!$A:$F,5,FALSE)),0,VLOOKUP(A64,'Balance 02'!$A:$F,5,FALSE)) -> 1031.8 | F64: =IF(ISNA(VLOOKUP(A64,'Balance 03'!$A:$F,5,FALSE)),0,VLOOKUP(A64,'Balance 03'!$A:$F,5,FALSE)) -> 1031.8 | G64: =IF(ISNA(VLOOKUP(A64,'Balance 04'!$A:$F,5,FALSE)),0,VLOOKUP(A64,'Balance 04'!$A:$F,5,FALSE)) -> 1031.8 | H64: =IF(ISNA(VLOOKUP(A64,'Balance 05'!$A:$F,5,FALSE)),0,VLOOKUP(A64,'Balance 05'!$A:$F,5,FALSE)) -> 1031.8 | I64: =IF(ISNA(VLOOKUP(A64,'Balance 06'!$A:$F,5,FALSE)),0,VLOOKUP(A64,'Balance 06'!$A:$F,5,FALSE)) -> 1031.8 | J64: =IF(ISNA(VLOOKUP(A64,'Balance 07'!$A:$F,5,FALSE)),0,VLOOKUP(A64,'Balance 06'!$A:$F,5,FALSE)) -> 0 | K64: =IF(ISNA(VLOOKUP(A64,'Balance 08'!$A:$F,5,FALSE)),0,VLOOKUP(A64,'Balance 08'!$A:$F,5,FALSE)) -> 0 | L64: =IF(ISNA(VLOOKUP(A64,'Balance 09'!$A:$F,5,FALSE)),0,VLOOKUP(A64,'Balance 09'!$A:$F,5,FALSE)) -> 0 | M64: =IF(ISNA(VLOOKUP(A64,'Balance 10'!$A:$F,5,FALSE)),0,VLOOKUP(A64,'Balance 10'!$A:$F,5,FALSE)) -> 0 | N64: =IF(ISNA(VLOOKUP(A64,'Balance 11'!$A:$F,6,FALSE)),0,VLOOKUP(A64,'Balance 11'!$A:$F,6,FALSE)) -> 0 | O64: =IF(ISNA(VLOOKUP(A64,'Balance 12'!$A:$F,5,FALSE)),0,VLOOKUP(A64,'Balance 12'!$A:$F,5,FALSE)) -> 0 | P64: 3500 | Q64: =$P64-I64 -> 2468.2
A65: 61800000000 | B65: Divers, documentations | C65: =IF(ISNA(VLOOKUP(A65,'balance n-1'!$A:$F,5,FALSE)),0,VLOOKUP(A65,'balance n-1'!$A:$F,5,FALSE)) -> 322.37 | D65: =IF(ISNA(VLOOKUP(A65,'Balance 01'!$A:$F,5,FALSE)),0,VLOOKUP(A65,'Balance 01'!$A:$F,5,FALSE)) -> 0 | E65: =IF(ISNA(VLOOKUP(A65,'Balance 02'!$A:$F,5,FALSE)),0,VLOOKUP(A65,'Balance 02'!$A:$F,5,FALSE)) -> 0 | F65: =IF(ISNA(VLOOKUP(A65,'Balance 03'!$A:$F,5,FALSE)),0,VLOOKUP(A65,'Balance 03'!$A:$F,5,FALSE)) -> 0 | G65: =IF(ISNA(VLOOKUP(A65,'Balance 04'!$A:$F,5,FALSE)),0,VLOOKUP(A65,'Balance 04'!$A:$F,5,FALSE)) -> 0 | H65: =IF(ISNA(VLOOKUP(A65,'Balance 05'!$A:$F,5,FALSE)),0,VLOOKUP(A65,'Balance 05'!$A:$F,5,FALSE)) -> 0 | I65: =IF(ISNA(VLOOKUP(A65,'Balance 06'!$A:$F,5,FALSE)),0,VLOOKUP(A65,'Balance 06'!$A:$F,5,FALSE)) -> 0 | J65: =IF(ISNA(VLOOKUP(A65,'Balance 07'!$A:$F,5,FALSE)),0,VLOOKUP(A65,'Balance 06'!$A:$F,5,FALSE)) -> 0 | K65: =IF(ISNA(VLOOKUP(A65,'Balance 08'!$A:$F,5,FALSE)),0,VLOOKUP(A65,'Balance 08'!$A:$F,5,FALSE)) -> 0 | L65: =IF(ISNA(VLOOKUP(A65,'Balance 09'!$A:$F,5,FALSE)),0,VLOOKUP(A65,'Balance 09'!$A:$F,5,FALSE)) -> 0 | M65: =IF(ISNA(VLOOKUP(A65,'Balance 10'!$A:$F,5,FALSE)),0,VLOOKUP(A65,'Balance 10'!$A:$F,5,FALSE)) -> 0 | N65: =IF(ISNA(VLOOKUP(A65,'Balance 11'!$A:$F,6,FALSE)),0,VLOOKUP(A65,'Balance 11'!$A:$F,6,FALSE)) -> 0 | O65: =IF(ISNA(VLOOKUP(A65,'Balance 12'!$A:$F,5,FALSE)),0,VLOOKUP(A65,'Balance 12'!$A:$F,5,FALSE)) -> 0 | P65: 500 | Q65: =$P65-I65 -> 500
A66: 62310000000 | B66: Annonces et insertions | C66: =IF(ISNA(VLOOKUP(A66,'balance n-1'!$A:$F,5,FALSE)),0,VLOOKUP(A66,'balance n-1'!$A:$F,5,FALSE)) -> 334.88 | D66: =IF(ISNA(VLOOKUP(A66,'Balance 01'!$A:$F,5,FALSE)),0,VLOOKUP(A66,'Balance 01'!$A:$F,5,FALSE)) -> 84 | E66: =IF(ISNA(VLOOKUP(A66,'Balance 02'!$A:$F,5,FALSE)),0,VLOOKUP(A66,'Balance 02'!$A:$F,5,FALSE)) -> 168 | F66: =IF(ISNA(VLOOKUP(A66,'Balance 03'!$A:$F,5,FALSE)),0,VLOOKUP(A66,'Balance 03'!$A:$F,5,FALSE)) -> 168 | G66: =IF(ISNA(VLOOKUP(A66,'Balance 04'!$A:$F,5,FALSE)),0,VLOOKUP(A66,'Balance 04'!$A:$F,5,FALSE)) -> 168 | H66: =IF(ISNA(VLOOKUP(A66,'Balance 05'!$A:$F,5,FALSE)),0,VLOOKUP(A66,'Balance 05'!$A:$F,5,FALSE)) -> 168 | I66: =IF(ISNA(VLOOKUP(A66,'Balance 06'!$A:$F,5,FALSE)),0,VLOOKUP(A66,'Balance 06'!$A:$F,5,FALSE)) -> 168 | J66: =IF(ISNA(VLOOKUP(A66,'Balance 07'!$A:$F,5,FALSE)),0,VLOOKUP(A66,'Balance 06'!$A:$F,5,FALSE)) -> 0 | K66: =IF(ISNA(VLOOKUP(A66,'Balance 08'!$A:$F,5,FALSE)),0,VLOOKUP(A66,'Balance 08'!$A:$F,5,FALSE)) -> 0 | L66: =IF(ISNA(VLOOKUP(A66,'Balance 09'!$A:$F,5,FALSE)),0,VLOOKUP(A66,'Balance 09'!$A:$F,5,FALSE)) -> 0 | M66: =IF(ISNA(VLOOKUP(A66,'Balance 10'!$A:$F,5,FALSE)),0,VLOOKUP(A66,'Balance 10'!$A:$F,5,FALSE)) -> 0 | N66: =IF(ISNA(VLOOKUP(A66,'Balance 11'!$A:$F,6,FALSE)),0,VLOOKUP(A66,'Balance 11'!$A:$F,6,FALSE)) -> 0 | O66: =IF(ISNA(VLOOKUP(A66,'Balance 12'!$A:$F,5,FALSE)),0,VLOOKUP(A66,'Balance 12'!$A:$F,5,FALSE)) -> 0 | P66: 500 | Q66: =$P66-I66 -> 332
A67: 62750000000 | B67: Frais bancaires | C67: =IF(ISNA(VLOOKUP(A67,'balance n-1'!$A:$F,5,FALSE)),0,VLOOKUP(A67,'balance n-1'!$A:$F,5,FALSE)) -> 47.01 | D67: =IF(ISNA(VLOOKUP(A67,'Balance 01'!$A:$F,5,FALSE)),0,VLOOKUP(A67,'Balance 01'!$A:$F,5,FALSE)) -> 6.9 | E67: =IF(ISNA(VLOOKUP(A67,'Balance 02'!$A:$F,5,FALSE)),0,VLOOKUP(A67,'Balance 02'!$A:$F,5,FALSE)) -> 6.9 | F67: =IF(ISNA(VLOOKUP(A67,'Balance 03'!$A:$F,5,FALSE)),0,VLOOKUP(A67,'Balance 03'!$A:$F,5,FALSE)) -> 9.7 | G67: =IF(ISNA(VLOOKUP(A67,'Balance 04'!$A:$F,5,FALSE)),0,VLOOKUP(A67,'Balance 04'!$A:$F,5,FALSE)) -> 16.68 | H67: =IF(ISNA(VLOOKUP(A67,'Balance 05'!$A:$F,5,FALSE)),0,VLOOKUP(A67,'Balance 05'!$A:$F,5,FALSE)) -> 16.68 | I67: =IF(ISNA(VLOOKUP(A67,'Balance 06'!$A:$F,5,FALSE)),0,VLOOKUP(A67,'Balance 06'!$A:$F,5,FALSE)) -> 19.56 | J67: =IF(ISNA(VLOOKUP(A67,'Balance 07'!$A:$F,5,FALSE)),0,VLOOKUP(A67,'Balance 06'!$A:$F,5,FALSE)) -> 0 | K67: =IF(ISNA(VLOOKUP(A67,'Balance 08'!$A:$F,5,FALSE)),0,VLOOKUP(A67,'Balance 08'!$A:$F,5,FALSE)) -> 0 | L67: =IF(ISNA(VLOOKUP(A67,'Balance 09'!$A:$F,5,FALSE)),0,VLOOKUP(A67,'Balance 09'!$A:$F,5,FALSE)) -> 0 | M67: =IF(ISNA(VLOOKUP(A67,'Balance 10'!$A:$F,5,FALSE)),0,VLOOKUP(A67,'Balance 10'!$A:$F,5,FALSE)) -> 0 | N67: =IF(ISNA(VLOOKUP(A67,'Balance 11'!$A:$F,6,FALSE)),0,VLOOKUP(A67,'Balance 11'!$A:$F,6,FALSE)) -> 0 | O67: =IF(ISNA(VLOOKUP(A67,'Balance 12'!$A:$F,5,FALSE)),0,VLOOKUP(A67,'Balance 12'!$A:$F,5,FALSE)) -> 0 | P67: 500 | Q67: =$P67-I67 -> 480.44
A68: 63580000000 | B68: Autres impôts | C68: =IF(ISNA(VLOOKUP(A68,'balance n-1'!$A:$F,5,FALSE)),0,VLOOKUP(A68,'balance n-1'!$A:$F,5,FALSE)) -> 137 | D68: =IF(ISNA(VLOOKUP(A68,'Balance 01'!$A:$F,5,FALSE)),0,VLOOKUP(A68,'Balance 01'!$A:$F,5,FALSE)) -> 0 | E68: =IF(ISNA(VLOOKUP(A68,'Balance 02'!$A:$F,5,FALSE)),0,VLOOKUP(A68,'Balance 02'!$A:$F,5,FALSE)) -> 0 | F68: =IF(ISNA(VLOOKUP(A68,'Balance 03'!$A:$F,5,FALSE)),0,VLOOKUP(A68,'Balance 03'!$A:$F,5,FALSE)) -> 0 | G68: =IF(ISNA(VLOOKUP(A68,'Balance 04'!$A:$F,5,FALSE)),0,VLOOKUP(A68,'Balance 04'!$A:$F,5,FALSE)) -> 0 | H68: =IF(ISNA(VLOOKUP(A68,'Balance 05'!$A:$F,5,FALSE)),0,VLOOKUP(A68,'Balance 05'!$A:$F,5,FALSE)) -> 0 | I68: =IF(ISNA(VLOOKUP(A68,'Balance 06'!$A:$F,5,FALSE)),0,VLOOKUP(A68,'Balance 06'!$A:$F,5,FALSE)) -> 0 | J68: =IF(ISNA(VLOOKUP(A68,'Balance 07'!$A:$F,5,FALSE)),0,VLOOKUP(A68,'Balance 06'!$A:$F,5,FALSE)) -> 0 | K68: =IF(ISNA(VLOOKUP(A68,'Balance 08'!$A:$F,5,FALSE)),0,VLOOKUP(A68,'Balance 08'!$A:$F,5,FALSE)) -> 0 | L68: =IF(ISNA(VLOOKUP(A68,'Balance 09'!$A:$F,5,FALSE)),0,VLOOKUP(A68,'Balance 09'!$A:$F,5,FALSE)) -> 0 | M68: =IF(ISNA(VLOOKUP(A68,'Balance 10'!$A:$F,5,FALSE)),0,VLOOKUP(A68,'Balance 10'!$A:$F,5,FALSE)) -> 0 | N68: =IF(ISNA(VLOOKUP(A68,'Balance 11'!$A:$F,6,FALSE)),0,VLOOKUP(A68,'Balance 11'!$A:$F,6,FALSE)) -> 0 | O68: =IF(ISNA(VLOOKUP(A68,'Balance 12'!$A:$F,5,FALSE)),0,VLOOKUP(A68,'Balance 12'!$A:$F,5,FALSE)) -> 0 | P68: 524 | Q68: =$P68-I68 -> 524
A69: 65800000000 | B69: Charges diverses de gestion | C69: =IF(ISNA(VLOOKUP(A69,'balance n-1'!$A:$F,5,FALSE)),0,VLOOKUP(A69,'balance n-1'!$A:$F,5,FALSE)) -> 1.6 | D69: =IF(ISNA(VLOOKUP(A69,'Balance 01'!$A:$F,5,FALSE)),0,VLOOKUP(A69,'Balance 01'!$A:$F,5,FALSE)) -> 1 | E69: =IF(ISNA(VLOOKUP(A69,'Balance 02'!$A:$F,5,FALSE)),0,VLOOKUP(A69,'Balance 02'!$A:$F,5,FALSE)) -> 1 | F69: =IF(ISNA(VLOOKUP(A69,'Balance 03'!$A:$F,5,FALSE)),0,VLOOKUP(A69,'Balance 03'!$A:$F,5,FALSE)) -> 1 | G69: =IF(ISNA(VLOOKUP(A69,'Balance 04'!$A:$F,5,FALSE)),0,VLOOKUP(A69,'Balance 04'!$A:$F,5,FALSE)) -> 1.62 | H69: =IF(ISNA(VLOOKUP(A69,'Balance 05'!$A:$F,5,FALSE)),0,VLOOKUP(A69,'Balance 05'!$A:$F,5,FALSE)) -> 1.62 | I69: =IF(ISNA(VLOOKUP(A69,'Balance 06'!$A:$F,5,FALSE)),0,VLOOKUP(A69,'Balance 06'!$A:$F,5,FALSE)) -> 1.62 | J69: =IF(ISNA(VLOOKUP(A69,'Balance 07'!$A:$F,5,FALSE)),0,VLOOKUP(A69,'Balance 06'!$A:$F,5,FALSE)) -> 0 | K69: =IF(ISNA(VLOOKUP(A69,'Balance 08'!$A:$F,5,FALSE)),0,VLOOKUP(A69,'Balance 08'!$A:$F,5,FALSE)) -> 0 | L69: =IF(ISNA(VLOOKUP(A69,'Balance 09'!$A:$F,5,FALSE)),0,VLOOKUP(A69,'Balance 09'!$A:$F,5,FALSE)) -> 0 | M69: =IF(ISNA(VLOOKUP(A69,'Balance 10'!$A:$F,5,FALSE)),0,VLOOKUP(A69,'Balance 10'!$A:$F,5,FALSE)) -> 0 | N69: =IF(ISNA(VLOOKUP(A69,'Balance 11'!$A:$F,6,FALSE)),0,VLOOKUP(A69,'Balance 11'!$A:$F,6,FALSE)) -> 0 | O69: =IF(ISNA(VLOOKUP(A69,'Balance 12'!$A:$F,5,FALSE)),0,VLOOKUP(A69,'Balance 12'!$A:$F,5,FALSE)) -> 0 | Q69: =$P69-I69 -> -1.62
A70: 66100000000 | B70: Intérêts des emprunts | C70: =IF(ISNA(VLOOKUP(A70,'balance n-1'!$A:$F,5,FALSE)),0,VLOOKUP(A70,'balance n-1'!$A:$F,5,FALSE)) -> 0 | D70: =IF(ISNA(VLOOKUP(A70,'Balance 01'!$A:$F,5,FALSE)),0,VLOOKUP(A70,'Balance 01'!$A:$F,5,FALSE)) -> 0 | E70: =IF(ISNA(VLOOKUP(A70,'Balance 02'!$A:$F,5,FALSE)),0,VLOOKUP(A70,'Balance 02'!$A:$F,5,FALSE)) -> 0 | F70: =IF(ISNA(VLOOKUP(A70,'Balance 03'!$A:$F,5,FALSE)),0,VLOOKUP(A70,'Balance 03'!$A:$F,5,FALSE)) -> 0 | G70: =IF(ISNA(VLOOKUP(A70,'Balance 04'!$A:$F,5,FALSE)),0,VLOOKUP(A70,'Balance 04'!$A:$F,5,FALSE)) -> 0 | H70: =IF(ISNA(VLOOKUP(A70,'Balance 05'!$A:$F,5,FALSE)),0,VLOOKUP(A70,'Balance 05'!$A:$F,5,FALSE)) -> 0 | I70: =IF(ISNA(VLOOKUP(A70,'Balance 06'!$A:$F,5,FALSE)),0,VLOOKUP(A70,'Balance 06'!$A:$F,5,FALSE)) -> 0 | J70: =IF(ISNA(VLOOKUP(A70,'Balance 07'!$A:$F,5,FALSE)),0,VLOOKUP(A70,'Balance 06'!$A:$F,5,FALSE)) -> 0 | K70: =IF(ISNA(VLOOKUP(A70,'Balance 08'!$A:$F,5,FALSE)),0,VLOOKUP(A70,'Balance 08'!$A:$F,5,FALSE)) -> 0 | L70: =IF(ISNA(VLOOKUP(A70,'Balance 09'!$A:$F,5,FALSE)),0,VLOOKUP(A70,'Balance 09'!$A:$F,5,FALSE)) -> 0 | M70: =IF(ISNA(VLOOKUP(A70,'Balance 10'!$A:$F,5,FALSE)),0,VLOOKUP(A70,'Balance 10'!$A:$F,5,FALSE)) -> 0 | N70: =IF(ISNA(VLOOKUP(A70,'Balance 11'!$A:$F,6,FALSE)),0,VLOOKUP(A70,'Balance 11'!$A:$F,6,FALSE)) -> 0 | O70: =IF(ISNA(VLOOKUP(A70,'Balance 12'!$A:$F,5,FALSE)),0,VLOOKUP(A70,'Balance 12'!$A:$F,5,FALSE)) -> 0 | Q70: =$P70-I70 -> 0
A71: 66150000000 | B71: Intérêts des comptes courants | C71: =IF(ISNA(VLOOKUP(A71,'balance n-1'!$A:$F,5,FALSE)),0,VLOOKUP(A71,'balance n-1'!$A:$F,5,FALSE)) -> 23.23 | D71: =IF(ISNA(VLOOKUP(A71,'Balance 01'!$A:$F,5,FALSE)),0,VLOOKUP(A71,'Balance 01'!$A:$F,5,FALSE)) -> 0 | E71: =IF(ISNA(VLOOKUP(A71,'Balance 02'!$A:$F,5,FALSE)),0,VLOOKUP(A71,'Balance 02'!$A:$F,5,FALSE)) -> 0 | F71: =IF(ISNA(VLOOKUP(A71,'Balance 03'!$A:$F,5,FALSE)),0,VLOOKUP(A71,'Balance 03'!$A:$F,5,FALSE)) -> 0 | G71: =IF(ISNA(VLOOKUP(A71,'Balance 04'!$A:$F,5,FALSE)),0,VLOOKUP(A71,'Balance 04'!$A:$F,5,FALSE)) -> 0 | H71: =IF(ISNA(VLOOKUP(A71,'Balance 05'!$A:$F,5,FALSE)),0,VLOOKUP(A71,'Balance 05'!$A:$F,5,FALSE)) -> 0 | I71: =IF(ISNA(VLOOKUP(A71,'Balance 06'!$A:$F,5,FALSE)),0,VLOOKUP(A71,'Balance 06'!$A:$F,5,FALSE)) -> 0 | J71: =IF(ISNA(VLOOKUP(A71,'Balance 07'!$A:$F,5,FALSE)),0,VLOOKUP(A71,'Balance 06'!$A:$F,5,FALSE)) -> 0 | K71: =IF(ISNA(VLOOKUP(A71,'Balance 08'!$A:$F,5,FALSE)),0,VLOOKUP(A71,'Balance 08'!$A:$F,5,FALSE)) -> 0 | L71: =IF(ISNA(VLOOKUP(A71,'Balance 09'!$A:$F,5,FALSE)),0,VLOOKUP(A71,'Balance 09'!$A:$F,5,FALSE)) -> 0 | M71: =IF(ISNA(VLOOKUP(A71,'Balance 10'!$A:$F,5,FALSE)),0,VLOOKUP(A71,'Balance 10'!$A:$F,5,FALSE)) -> 0 | N71: =IF(ISNA(VLOOKUP(A71,'Balance 11'!$A:$F,6,FALSE)),0,VLOOKUP(A71,'Balance 11'!$A:$F,6,FALSE)) -> 0 | O71: =IF(ISNA(VLOOKUP(A71,'Balance 12'!$A:$F,5,FALSE)),0,VLOOKUP(A71,'Balance 12'!$A:$F,5,FALSE)) -> 0 | P71: 603 | Q71: =$P71-I71 -> 603
A72: 67200000000 | B72: Charges sur ex antérieurs | C72: =IF(ISNA(VLOOKUP(A72,'balance n-1'!$A:$F,5,FALSE)),0,VLOOKUP(A72,'balance n-1'!$A:$F,5,FALSE)) -> 1672.39 | D72: =IF(ISNA(VLOOKUP(A72,'Balance 01'!$A:$F,5,FALSE)),0,VLOOKUP(A72,'Balance 01'!$A:$F,5,FALSE)) -> 0 | E72: =IF(ISNA(VLOOKUP(A72,'Balance 02'!$A:$F,5,FALSE)),0,VLOOKUP(A72,'Balance 02'!$A:$F,5,FALSE)) -> 0 | F72: =IF(ISNA(VLOOKUP(A72,'Balance 03'!$A:$F,5,FALSE)),0,VLOOKUP(A72,'Balance 03'!$A:$F,5,FALSE)) -> 0 | G72: =IF(ISNA(VLOOKUP(A72,'Balance 04'!$A:$F,5,FALSE)),0,VLOOKUP(A72,'Balance 04'!$A:$F,5,FALSE)) -> 0 | H72: =IF(ISNA(VLOOKUP(A72,'Balance 05'!$A:$F,5,FALSE)),0,VLOOKUP(A72,'Balance 05'!$A:$F,5,FALSE)) -> 0 | I72: =IF(ISNA(VLOOKUP(A72,'Balance 06'!$A:$F,5,FALSE)),0,VLOOKUP(A72,'Balance 06'!$A:$F,5,FALSE)) -> 0 | J72: =IF(ISNA(VLOOKUP(A72,'Balance 07'!$A:$F,5,FALSE)),0,VLOOKUP(A72,'Balance 06'!$A:$F,5,FALSE)) -> 0 | K72: =IF(ISNA(VLOOKUP(A72,'Balance 08'!$A:$F,5,FALSE)),0,VLOOKUP(A72,'Balance 08'!$A:$F,5,FALSE)) -> 0 | L72: =IF(ISNA(VLOOKUP(A72,'Balance 09'!$A:$F,5,FALSE)),0,VLOOKUP(A72,'Balance 09'!$A:$F,5,FALSE)) -> 0 | M72: =IF(ISNA(VLOOKUP(A72,'Balance 10'!$A:$F,5,FALSE)),0,VLOOKUP(A72,'Balance 10'!$A:$F,5,FALSE)) -> 0 | N72: =IF(ISNA(VLOOKUP(A72,'Balance 11'!$A:$F,6,FALSE)),0,VLOOKUP(A72,'Balance 11'!$A:$F,6,FALSE)) -> 0 | O72: =IF(ISNA(VLOOKUP(A72,'Balance 12'!$A:$F,5,FALSE)),0,VLOOKUP(A72,'Balance 12'!$A:$F,5,FALSE)) -> 0 | Q72: =$P72-I72 -> 0
A73: 68112000000 | B73: Dotation aux amortissements | C73: =IF(ISNA(VLOOKUP(A73,'balance n-1'!$A:$F,5,FALSE)),0,VLOOKUP(A73,'balance n-1'!$A:$F,5,FALSE)) -> 3810.22 | D73: =IF(ISNA(VLOOKUP(A73,'Balance 01'!$A:$F,5,FALSE)),0,VLOOKUP(A73,'Balance 01'!$A:$F,5,FALSE)) -> 169.87 | E73: =IF(ISNA(VLOOKUP(A73,'Balance 02'!$A:$F,5,FALSE)),0,VLOOKUP(A73,'Balance 02'!$A:$F,5,FALSE)) -> 339.74 | F73: =IF(ISNA(VLOOKUP(A73,'Balance 03'!$A:$F,5,FALSE)),0,VLOOKUP(A73,'Balance 03'!$A:$F,5,FALSE)) -> 509.61 | G73: =IF(ISNA(VLOOKUP(A73,'Balance 04'!$A:$F,5,FALSE)),0,VLOOKUP(A73,'Balance 04'!$A:$F,5,FALSE)) -> 679.48 | H73: =IF(ISNA(VLOOKUP(A73,'Balance 05'!$A:$F,5,FALSE)),0,VLOOKUP(A73,'Balance 05'!$A:$F,5,FALSE)) -> 849.35 | I73: =IF(ISNA(VLOOKUP(A73,'Balance 06'!$A:$F,5,FALSE)),0,VLOOKUP(A73,'Balance 06'!$A:$F,5,FALSE)) -> 1019.22 | J73: =IF(ISNA(VLOOKUP(A73,'Balance 07'!$A:$F,5,FALSE)),0,VLOOKUP(A73,'Balance 06'!$A:$F,5,FALSE)) -> 0 | K73: =IF(ISNA(VLOOKUP(A73,'Balance 08'!$A:$F,5,FALSE)),0,VLOOKUP(A73,'Balance 08'!$A:$F,5,FALSE)) -> 0 | L73: =IF(ISNA(VLOOKUP(A73,'Balance 09'!$A:$F,5,FALSE)),0,VLOOKUP(A73,'Balance 09'!$A:$F,5,FALSE)) -> 0 | M73: =IF(ISNA(VLOOKUP(A73,'Balance 10'!$A:$F,5,FALSE)),0,VLOOKUP(A73,'Balance 10'!$A:$F,5,FALSE)) -> 0 | N73: =IF(ISNA(VLOOKUP(A73,'Balance 11'!$A:$F,6,FALSE)),0,VLOOKUP(A73,'Balance 11'!$A:$F,6,FALSE)) -> 0 | O73: =IF(ISNA(VLOOKUP(A73,'Balance 12'!$A:$F,5,FALSE)),0,VLOOKUP(A73,'Balance 12'!$A:$F,5,FALSE)) -> 0 | P73: 3024 | Q73: =$P73-I73 -> 2004.78
A74: 68940000000 | B74: Engagements à réaliser | C74: =IF(ISNA(VLOOKUP(A74,'balance n-1'!$A:$F,5,FALSE)),0,VLOOKUP(A74,'balance n-1'!$A:$F,5,FALSE)) -> 88731 | D74: =IF(ISNA(VLOOKUP(A74,'Balance 01'!$A:$F,5,FALSE)),0,VLOOKUP(A74,'Balance 01'!$A:$F,5,FALSE)) -> 0 | E74: =IF(ISNA(VLOOKUP(A74,'Balance 02'!$A:$F,5,FALSE)),0,VLOOKUP(A74,'Balance 02'!$A:$F,5,FALSE)) -> 0 | F74: =IF(ISNA(VLOOKUP(A74,'Balance 03'!$A:$F,5,FALSE)),0,VLOOKUP(A74,'Balance 03'!$A:$F,5,FALSE)) -> 0 | G74: =IF(ISNA(VLOOKUP(A74,'Balance 04'!$A:$F,5,FALSE)),0,VLOOKUP(A74,'Balance 04'!$A:$F,5,FALSE)) -> 0 | H74: =IF(ISNA(VLOOKUP(A74,'Balance 05'!$A:$F,5,FALSE)),0,VLOOKUP(A74,'Balance 05'!$A:$F,5,FALSE)) -> 0 | I74: =IF(ISNA(VLOOKUP(A74,'Balance 06'!$A:$F,5,FALSE)),0,VLOOKUP(A74,'Balance 06'!$A:$F,5,FALSE)) -> 0 | J74: =IF(ISNA(VLOOKUP(A74,'Balance 07'!$A:$F,5,FALSE)),0,VLOOKUP(A74,'Balance 06'!$A:$F,5,FALSE)) -> 0 | K74: =IF(ISNA(VLOOKUP(A74,'Balance 08'!$A:$F,5,FALSE)),0,VLOOKUP(A74,'Balance 08'!$A:$F,5,FALSE)) -> 0 | L74: =IF(ISNA(VLOOKUP(A74,'Balance 09'!$A:$F,5,FALSE)),0,VLOOKUP(A74,'Balance 09'!$A:$F,5,FALSE)) -> 0 | M74: =IF(ISNA(VLOOKUP(A74,'Balance 10'!$A:$F,5,FALSE)),0,VLOOKUP(A74,'Balance 10'!$A:$F,5,FALSE)) -> 0 | N74: =IF(ISNA(VLOOKUP(A74,'Balance 11'!$A:$F,6,FALSE)),0,VLOOKUP(A74,'Balance 11'!$A:$F,6,FALSE)) -> 0 | O74: =IF(ISNA(VLOOKUP(A74,'Balance 12'!$A:$F,5,FALSE)),0,VLOOKUP(A74,'Balance 12'!$A:$F,5,FALSE)) -> 0 | Q74: =$P74-I74 -> 0
A75: Total GR 3 | C75: =SUM(C55:C74) -> 110539.6 | D75: =SUM(D55:D74) -> 3056.61 | E75: =SUM(E55:E74) -> 4442.15 | F75: =SUM(F55:F74) -> 6095.72 | G75: =SUM(G55:G74) -> 7337.57 | H75: =SUM(H55:H74) -> 9647.34 | I75: =SUM(I55:I74) -> 10660.09 | J75: =SUM(J55:J74) -> 0 | ... P75: =SUM(P55:P74) -> 18839 | Q75: =$P75-I75 -> 8178.91
A77: TOTAL CHARGES | C77: =C37+C52+C75 -> 625074.99 | D77: =D37+D52+D75 -> 40956.28 | E77: =E37+E52+E75 -> 89189.73 | F77: =F37+F52+F75 -> 138337.06 | G77: =G37+G52+G75 -> 179814.05 | H77: =H37+H52+H75 -> 235034.58 | I77: =I37+I52+I75 -> 280946.83 | J77: =J37+J52+J75 -> 0 | ... O77: =O37+O52+O75 -> 0 | P77: =P37+P52+P75+1 -> 520695 | Q77: =$P77-I77 -> 239748.17
A79: Résultat Réel | C79: =+C16-C77 -> 8924.9 | D79: =+D16-D77 -> 251.26 | E79: =+E16-E77 -> -5086.99 | F79: =+F16-F77 -> -12183.32 | G79: =+G16-G77 -> -11609.31 | H79: =+H16-H77 -> -24778.84 | I79: =+I16-I77 -> -26157.51 | J79: =+J16-J77 -> 0 | ... P79: =+P16-P77 -> 1089 | Q79: =$P79-I79 -> 27246.51
A81: Reprise déficit | C81: 17430 | D81: -1090 | E81: -1090 | F81: -1090 | G81: -1090 | H81: -1090 | I81: -1090 | J81: -1090 | K81: -1090 | L81: -1090 | M81: -1090 | N81: -1090 | O81: -1090 | P81: -1090 | Q81: =$P81-I81 -> 0
A83: Résultat ARS | C83: =+C81+C79 -> 26354.9 | D83: =+D81+D79 -> -838.74 | E83: =+E81+E79 -> -6176.99 | F83: =+F81+F79 -> -13273.32 | G83: =+G81+G79 -> -12699.31 | H83: =+H81+H79 -> -25868.84 | I83: =+I81+I79 -> -27247.51 | J83: =+J81+J79 -> -1090 | ... O83: =+O81+O79 -> -1090 | P83: =P79+P81 -> -1 | Q83: =$P83-I83 -> 27246.51
B87: Dépassement de l'accordé
B90: Respect de l'accordé
B94: Résultat balance | C94: =(SUMPRODUCT((LEFT('balance n-1'!$A$6:$A$3000,1)="7")*('balance n-1'!$F$6:$F$3000))+SUMPRODUCT((LEFT('balance n-1'!$A$6:$A$3000,1)="6")*('balance n-1'!$F$6:$F$3000)))-(SUMPRODUCT((LEFT('balance n-1'!$A$6:$A$3000,1)="7")*('balance n-1'!$E$6:$E$3000))+SUMPRODUCT((LEFT('balance n-1'!$A$6:$A$3000,1)="6")*('balance n-1'!$E$6:$E$3000))) -> 8924.9 | D94: =(SUMPRODUCT((LEFT('Balance 01'!$A$6:$A$3000,1)="7")*('Balance 01'!$F$6:$F$3000))+SUMPRODUCT((LEFT('Balance 01'!$A$6:$A$3000,1)="6")*('Balance 01'!$F$6:$F$3000)))-(SUMPRODUCT((LEFT('Balance 01'!$A$6:$A$3000,1)="7")*('Balance 01'!$E$6:$E$3000))+SUMPRODUCT((LEFT('Balance 01'!$A$6:$A$3000,1)="6")*('Balance 01'!$E$6:$E$3000))) -> 1279.36 | E94: =(SUMPRODUCT((LEFT('Balance 02'!$A$6:$A$3000,1)="7")*('Balance 02'!$F$6:$F$3000))+SUMPRODUCT((LEFT('Balance 02'!$A$6:$A$3000,1)="6")*('Balance 02'!$F$6:$F$3000)))-(SUMPRODUCT((LEFT('Balance 02'!$A$6:$A$3000,1)="7")*('Balance 02'!$E$6:$E$3000))+SUMPRODUCT((LEFT('Balance 02'!$A$6:$A$3000,1)="6")*('Balance 02'!$E$6:$E$3000))) -> -5560.54 | F94: =(SUMPRODUCT((LEFT('Balance 03'!$A$6:$A$3000,1)="7")*('Balance 03'!$F$6:$F$3000))+SUMPRODUCT((LEFT('Balance 03'!$A$6:$A$3000,1)="6")*('Balance 03'!$F$6:$F$3000)))-(SUMPRODUCT((LEFT('Balance 03'!$A$6:$A$3000,1)="7")*('Balance 03'!$E$6:$E$3000))+SUMPRODUCT((LEFT('Balance 03'!$A$6:$A$3000,1)="6")*('Balance 03'!$E$6:$E$3000))) -> -12708.87 | G94: =(SUMPRODUCT((LEFT('Balance 04'!$A$6:$A$3000,1)="7")*('Balance 04'!$F$6:$F$3000))+SUMPRODUCT((LEFT('Balance 04'!$A$6:$A$3000,1)="6")*('Balance 04'!$F$6:$F$3000)))-(SUMPRODUCT((LEFT('Balance 04'!$A$6:$A$3000,1)="7")*('Balance 04'!$E$6:$E$3000))+SUMPRODUCT((LEFT('Balance 04'!$A$6:$A$3000,1)="6")*('Balance 04'!$E$6:$E$3000))) -> -12134.86 | H94: =(SUMPRODUCT((LEFT('Balance 05'!$A$6:$A$3000,1)="7")*('Balance 05'!$F$6:$F$3000))+SUMPRODUCT((LEFT('Balance 05'!$A$6:$A$3000,1)="6")*('Balance 05'!$F$6:$F$3000)))-(SUMPRODUCT((LEFT('Balance 05'!$A$6:$A$3000,1)="7")*('Balance 05'!$E$6:$E$3000))+SUMPRODUCT((LEFT('Balance 05'!$A$6:$A$3000,1)="6")*('Balance 05'!$E$6:$E$3000))) -> -25304.39 | I94: =(SUMPRODUCT((LEFT('Balance 06'!$A$6:$A$3000,1)="7")*('Balance 06'!$F$6:$F$3000))+SUMPRODUCT((LEFT('Balance 06'!$A$6:$A$3000,1)="6")*('Balance 06'!$F$6:$F$3000)))-(SUMPRODUCT((LEFT('Balance 06'!$A$6:$A$3000,1)="7")*('Balance 06'!$E$6:$E$3000))+SUMPRODUCT((LEFT('Balance 06'!$A$6:$A$3000,1)="6")*('Balance 06'!$E$6:$E$3000))) -> -26631.06 | J94: =(SUMPRODUCT((LEFT('Balance 07'!$A$6:$A$3000,1)="7")*('Balance 07'!$F$6:$F$3000))+SUMPRODUCT((LEFT('Balance 07'!$A$6:$A$3000,1)="6")*('Balance 07'!$F$6:$F$3000)))-(SUMPRODUCT((LEFT('Balance 07'!$A$6:$A$3000,1)="7")*('Balance 07'!$E$6:$E$3000))+SUMPRODUCT((LEFT('Balance 07'!$A$6:$A$3000,1)="6")*('Balance 07'!$E$6:$E$3000))) -> 0 | K94: =(SUMPRODUCT((LEFT('Balance 08'!$A$6:$A$3000,1)="7")*('Balance 08'!$F$6:$F$3000))+SUMPRODUCT((LEFT('Balance 08'!$A$6:$A$3000,1)="6")*('Balance 08'!$F$6:$F$3000)))-(SUMPRODUCT((LEFT('Balance 08'!$A$6:$A$3000,1)="7")*('Balance 08'!$E$6:$E$3000))+SUMPRODUCT((LEFT('Balance 08'!$A$6:$A$3000,1)="6")*('Balance 08'!$E$6:$E$3000))) -> 0 | L94: =(SUMPRODUCT((LEFT('Balance 09'!$A$6:$A$3000,1)="7")*('Balance 09'!$F$6:$F$3000))+SUMPRODUCT((LEFT('Balance 09'!$A$6:$A$3000,1)="6")*('Balance 09'!$F$6:$F$3000)))-(SUMPRODUCT((LEFT('Balance 09'!$A$6:$A$3000,1)="7")*('Balance 09'!$E$6:$E$3000))+SUMPRODUCT((LEFT('Balance 09'!$A$6:$A$3000,1)="6")*('Balance 09'!$E$6:$E$3000))) -> 0 | M94: =(SUMPRODUCT((LEFT('Balance 10'!$A$6:$A$3000,1)="7")*('Balance 10'!$F$6:$F$3000))+SUMPRODUCT((LEFT('Balance 10'!$A$6:$A$3000,1)="6")*('Balance 10'!$F$6:$F$3000)))-(SUMPRODUCT((LEFT('Balance 10'!$A$6:$A$3000,1)="7")*('Balance 10'!$E$6:$E$3000))+SUMPRODUCT((LEFT('Balance 10'!$A$6:$A$3000,1)="6")*('Balance 10'!$E$6:$E$3000))) -> 0 | N94: =(SUMPRODUCT((LEFT('Balance 11'!$A$6:$A$3000,1)="7")*('Balance 11'!$F$6:$F$3000))+SUMPRODUCT((LEFT('Balance 11'!$A$6:$A$3000,1)="6")*('Balance 11'!$F$6:$F$3000)))-(SUMPRODUCT((LEFT('Balance 11'!$A$6:$A$3000,1)="7")*('Balance 11'!$E$6:$E$3000))+SUMPRODUCT((LEFT('Balance 11'!$A$6:$A$3000,1)="6")*('Balance 11'!$E$6:$E$3000))) -> 0 | O94: =(SUMPRODUCT((LEFT('Balance 12'!$A$6:$A$3000,1)="7")*('Balance 12'!$F$6:$F$3000))+SUMPRODUCT((LEFT('Balance 12'!$A$6:$A$3000,1)="6")*('Balance 12'!$F$6:$F$3000)))-(SUMPRODUCT((LEFT('Balance 12'!$A$6:$A$3000,1)="7")*('Balance 12'!$E$6:$E$3000))+SUMPRODUCT((LEFT('Balance 12'!$A$6:$A$3000,1)="6")*('Balance 12'!$E$6:$E$3000))) -> 0
B95: Ecart | C95: =+C94-C79 -> 2.3283064e-10 | D95: =+D94-D79 -> 1028.1 | E95: =+E94-E79 -> -473.55 | F95: =+F94-F79 -> -525.55 | G95: =+G94-G79 -> -525.55 | H95: =+H94-H79 -> -525.55 | I95: =+I94-I79 -> -473.55 | J95: =+J94-J79 -> 0 | ... O95: =+O94-O79 -> 0

Sheet balance n-1
A3: BALANCE GENERALE DE REVISION
A4: Période du 01/01/2013 au 31/12/2013 | B4: Exporté le08/09/2014
A5: Compte | B5: Libellé | C5: Débit | D5: Crédit | E5: Solde Débit | F5: Solde Crédit
A6: 10681000000 | B6: RESERVE DE COMPENSATION | C6: 25597.31 | D6: 25597.31 | E6: 0 | F6: 0
A7: 11009000000 | B7: REPORT A NOUVEAU 2009 | C7: 13084.25 | D7: 13084.25 | E7: 0 | F7: 0
A8: 11010000000 | B8: REPORT A NOUVEAU 2010 | C8: 17430.48 | D8: 17430.48 | E8: 0 | F8: 0
A9: 11011000000 | B9: REPORT A NOUVEAU 2011 | C9: 7418.32 | D9: 7418.32 | E9: 0 | F9: 0
A10: 11510000000 | B10: RES 2010 AFFECTE EN 2012 | C10: 17430.48 | D10: 17430.48 | E10: 0 | F10: 0
A11: 11511000000 | B11: EXCEDENT AFFECTE FINANCEMENT M | C11: 10.49 | D11: 6360.39 | E11: 0 | F11: 6349.9
A12: 11512000000 | B12: RESULTAT 2012 RAN | C12: 1090 | D12: 0 | E12: 1090 | F12: 0
A13: 11620000000 | B13: DEPENSES POUR CONGES PAYES | C13: 28046 | D13: 0 | E13: 28046 | F13: 0
A14: 15800000000 | B14: AUTRES PROVIS.P/CHAR | C14: 8000 | D14: 8000 | E14: 0 | F14: 0
A15: 16150000000 | B15: EMPRUNT VS 107 | C15: 1545.84 | D15: 1545.84 | E15: 0 | F15: 0
A16: 16411000000 | B16: EMPRUNTS AUPRES ETABLISSEMENTS CREDIT | C16: 6920.26 | D16: 6920.26 | E16: 0 | F16: 0
A17: 19400000000 | B17: FONDS DEDIES SUR SUBVENTIONS D | C17: 9075 | D17: 105806 | E17: 0 | F17: 96731
... A90: 88000000000 | B90: RESULTAT EN INSTANCE | C90: 59068.79 | D90: 59068.79 | E90: 0 | F90: 0

Sheet Balance 01
A3: BALANCE GENERALE DE REVISION
A4: Période du 01/01/2014 au 31/01/2014 | B4: Exporté le08/09/2014
A5: Compte | B5: Libellé | C5: Débit | D5: Crédit | E5: Solde Débit | F5: Solde Crédit
A6: 11009000000 | B6: REPORT A NOUVEAU 2009 | C6: 13084.25 | D6: 13084.25 | E6: 0 | F6: 0
A7: 11010000000 | B7: REPORT A NOUVEAU 2010 | C7: 17430.48 | D7: 17430.48 | E7: 0 | F7: 0
A8: 11011000000 | B8: REPORT A NOUVEAU 2011 | C8: 7418.32 | D8: 7418.32 | E8: 0 | F8: 0
A9: 11511000000 | B9: EXCEDENT AFFECTE FINANCEMENT M | C9: 10.49 | D9: 6360.39 | E9: 0 | F9: 6349.9
A10: 11512000000 | B10: RESULTAT 2012 RAN | C10: 1090 | D10: 0 | E10: 1090 | F10: 0
A11: 11620000000 | B11: DEPENSES POUR CONGES PAYES | C11: 28046 | D11: 0 | E11: 28046 | F11: 0
A12: 16150000000 | B12: EMPRUNT VS 107 | C12: 1545.84 | D12: 1545.84 | E12: 0 | F12: 0
A13: 16411000000 | B13: EMPRUNTS AUPRES ETABLISSEMENTS CREDIT | C13: 6920.26 | D13: 6920.26 | E13: 0 | F13: 0
A14: 19400000000 | B14: FONDS DEDIES SUR SUBVENTIONS D | C14: 0 | D14: 96731 | E14: 0 | F14: 96731
A15: 21820000000 | B15: MATERIEL DE TRANSPORT | C15: 18264 | D15: 0 | E15: 18264 | F15: 0
A16: 21830000000 | B16: MATERIEL DE BUREAU | C16: 12248.85 | D16: 1146 | E16: 11102.85 | F16: 0
A17: 27500000000 | B17: DEPOT ET CAUTIONNEMENT | C17: 610 | D17: 0 | E17: 610 | F17: 0
... A66: 88000000000 | B66: RESULTAT EN INSTANCE | C66: 0 | D66: 8924.9 | E66: 0 | F66: 8924.9

Sheet Balance 02
A3: BALANCE GENERALE DE REVISION
A4: Période du 01/01/2014 au 28/02/2014 | B4: Exporté le08/09/2014
A5: Compte | B5: Libellé | C5: Débit | D5: Crédit | E5: Solde Débit | F5: Solde Crédit
A6: 11009000000 | B6: REPORT A NOUVEAU 2009 | C6: 13084.25 | D6: 13084.25 | E6: 0 | F6: 0
A7: 11010000000 | B7: REPORT A NOUVEAU 2010 | C7: 17430.48 | D7: 17430.48 | E7: 0 | F7: 0
A8: 11011000000 | B8: REPORT A NOUVEAU 2011 | C8: 7418.32 | D8: 7418.32 | E8: 0 | F8: 0
A9: 11511000000 | B9: EXCEDENT AFFECTE FINANCEMENT M | C9: 10.49 | D9: 6360.39 | E9: 0 | F9: 6349.9
A10: 11512000000 | B10: RESULTAT 2012 RAN | C10: 1090 | D10: 0 | E10: 1090 | F10: 0
A11: 11620000000 | B11: DEPENSES POUR CONGES PAYES | C11: 28046 | D11: 0 | E11: 28046 | F11: 0
A12: 16150000000 | B12: EMPRUNT VS 107 | C12: 1545.84 | D12: 1545.84 | E12: 0 | F12: 0
A13: 16411000000 | B13: EMPRUNTS AUPRES ETABLISSEMENTS CREDIT | C13: 6920.26 | D13: 6920.26 | E13: 0 | F13: 0
A14: 19400000000 | B14: FONDS DEDIES SUR SUBVENTIONS D | C14: 0 | D14: 96731 | E14: 0 | F14: 96731
A15: 21820000000 | B15: MATERIEL DE TRANSPORT | C15: 18264 | D15: 0 | E15: 18264 | F15: 0
A16: 21830000000 | B16: MATERIEL DE BUREAU | C16: 12248.85 | D16: 1146 | E16: 11102.85 | F16: 0
A17: 27500000000 | B17: DEPOT ET CAUTIONNEMENT | C17: 610 | D17: 0 | E17: 610 | F17: 0
... A70: 88000000000 | B70: RESULTAT EN INSTANCE | C70: 0 | D70: 8924.9 | E70: 0 | F70: 8924.9

Sheet Balance 03
A3: BALANCE GENERALE DE REVISION
A4: Période du 01/01/2014 au 31/03/2014 | B4: Exporté le08/09/2014
A5: Compte | B5: Libellé | C5: Débit | D5: Crédit | E5: Solde Débit | F5: Solde Crédit
A6: 11009000000 | B6: REPORT A NOUVEAU 2009 | C6: 13084.25 | D6: 13084.25 | E6: 0 | F6: 0
A7: 11010000000 | B7: REPORT A NOUVEAU 2010 | C7: 17430.48 | D7: 17430.48 | E7: 0 | F7: 0
A8: 11011000000 | B8: REPORT A NOUVEAU 2011 | C8: 7418.32 | D8: 7418.32 | E8: 0 | F8: 0
A9: 11511000000 | B9: EXCEDENT AFFECTE FINANCEMENT M | C9: 10.49 | D9: 6360.39 | E9: 0 | F9: 6349.9
A10: 11512000000 | B10: RESULTAT 2012 RAN | C10: 1090 | D10: 0 | E10: 1090 | F10: 0
A11: 11620000000 | B11: DEPENSES POUR CONGES PAYES | C11: 28046 | D11: 0 | E11: 28046 | F11: 0
A12: 16150000000 | B12: EMPRUNT VS 107 | C12: 1545.84 | D12: 1545.84 | E12: 0 | F12: 0
A13: 16411000000 | B13: EMPRUNTS AUPRES ETABLISSEMENTS CREDIT | C13: 6920.26 | D13: 6920.26 | E13: 0 | F13: 0
A14: 19400000000 | B14: FONDS DEDIES SUR SUBVENTIONS D | C14: 0 | D14: 96731 | E14: 0 | F14: 96731
A15: 21820000000 | B15: MATERIEL DE TRANSPORT | C15: 18264 | D15: 0 | E15: 18264 | F15: 0
A16: 21830000000 | B16: MATERIEL DE BUREAU | C16: 12248.85 | D16: 1146 | E16: 11102.85 | F16: 0
A17: 27500000000 | B17: DEPOT ET CAUTIONNEMENT | C17: 610 | D17: 0 | E17: 610 | F17: 0
... A72: 88000000000 | B72: RESULTAT EN INSTANCE | C72: 0 | D72: 8924.9 | E72: 0 | F72: 8924.9

Sheet Balance 04
A3: BALANCE GENERALE DE REVISION
A4: Période du 01/01/2014 au 30/04/2014 | B4: Exporté le08/09/2014
A5: Compte | B5: Libellé | C5: Débit | D5: Crédit | E5: Solde Débit | F5: Solde Crédit
A6: 11009000000 | B6: REPORT A NOUVEAU 2009 | C6: 13084.25 | D6: 13084.25 | E6: 0 | F6: 0
A7: 11010000000 | B7: REPORT A NOUVEAU 2010 | C7: 17430.48 | D7: 17430.48 | E7: 0 | F7: 0
A8: 11011000000 | B8: REPORT A NOUVEAU 2011 | C8: 7418.32 | D8: 7418.32 | E8: 0 | F8: 0
A9: 11511000000 | B9: EXCEDENT AFFECTE FINANCEMENT M | C9: 10.49 | D9: 6360.39 | E9: 0 | F9: 6349.9
A10: 11512000000 | B10: RESULTAT 2012 RAN | C10: 1090 | D10: 0 | E10: 1090 | F10: 0
A11: 11620000000 | B11: DEPENSES POUR CONGES PAYES | C11: 28046 | D11: 0 | E11: 28046 | F11: 0
A12: 16150000000 | B12: EMPRUNT VS 107 | C12: 1545.84 | D12: 1545.84 | E12: 0 | F12: 0
A13: 16411000000 | B13: EMPRUNTS AUPRES ETABLISSEMENTS CREDIT | C13: 6920.26 | D13: 6920.26 | E13: 0 | F13: 0
A14: 19400000000 | B14: FONDS DEDIES SUR SUBVENTIONS D | C14: 0 | D14: 96731 | E14: 0 | F14: 96731
A15: 21820000000 | B15: MATERIEL DE TRANSPORT | C15: 18264 | D15: 0 | E15: 18264 | F15: 0
A16: 21830000000 | B16: MATERIEL DE BUREAU | C16: 12248.85 | D16: 1146 | E16: 11102.85 | F16: 0
A17: 27500000000 | B17: DEPOT ET CAUTIONNEMENT | C17: 610 | D17: 0 | E17: 610 | F17: 0
... A72: 88000000000 | B72: RESULTAT EN INSTANCE | C72: 0 | D72: 8924.9 | E72: 0 | F72: 8924.9

Sheet Balance 05
A3: BALANCE GENERALE DE REVISION
A4: Période du 01/01/2014 au 31/05/2014 | B4: Exporté le08/09/2014
A5: Compte | B5: Libellé | C5: Débit | D5: Crédit | E5: Solde Débit | F5: Solde Crédit
A6: 11009000000 | B6: REPORT A NOUVEAU 2009 | C6: 13084.25 | D6: 13084.25 | E6: 0 | F6: 0
A7: 11010000000 | B7: REPORT A NOUVEAU 2010 | C7: 17430.48 | D7: 17430.48 | E7: 0 | F7: 0
A8: 11011000000 | B8: REPORT A NOUVEAU 2011 | C8: 7418.32 | D8: 7418.32 | E8: 0 | F8: 0
A9: 11511000000 | B9: EXCEDENT AFFECTE FINANCEMENT M | C9: 10.49 | D9: 6360.39 | E9: 0 | F9: 6349.9
A10: 11512000000 | B10: RESULTAT 2012 RAN | C10: 1090 | D10: 0 | E10: 1090 | F10: 0
A11: 11620000000 | B11: DEPENSES POUR CONGES PAYES | C11: 28046 | D11: 0 | E11: 28046 | F11: 0
A12: 16150000000 | B12: EMPRUNT VS 107 | C12: 1545.84 | D12: 1545.84 | E12: 0 | F12: 0
A13: 16411000000 | B13: EMPRUNTS AUPRES ETABLISSEMENTS CREDIT | C13: 6920.26 | D13: 6920.26 | E13: 0 | F13: 0
A14: 19400000000 | B14: FONDS DEDIES SUR SUBVENTIONS D | C14: 0 | D14: 96731 | E14: 0 | F14: 96731
A15: 21820000000 | B15: MATERIEL DE TRANSPORT | C15: 18264 | D15: 0 | E15: 18264 | F15: 0
A16: 21830000000 | B16: MATERIEL DE BUREAU | C16: 12248.85 | D16: 1146 | E16: 11102.85 | F16: 0
A17: 27500000000 | B17: DEPOT ET CAUTIONNEMENT | C17: 610 | D17: 0 | E17: 610 | F17: 0
... A75: 88000000000 | B75: RESULTAT EN INSTANCE | C75: 0 | D75: 8924.9 | E75: 0 | F75: 8924.9

Sheet Balance 06
A3: BALANCE GENERALE DE REVISION
A4: Période du 01/01/2014 au 30/06/2014 | B4: Exporté le08/09/2014
A5: Compte | B5: Libellé | C5: Débit | D5: Crédit | E5: Solde Débit | F5: Solde Crédit
A6: 11009000000 | B6: REPORT A NOUVEAU 2009 | C6: 13084.25 | D6: 13084.25 | E6: 0 | F6: 0
A7: 11010000000 | B7: REPORT A NOUVEAU 2010 | C7: 17430.48 | D7: 17430.48 | E7: 0 | F7: 0
A8: 11011000000 | B8: REPORT A NOUVEAU 2011 | C8: 7418.32 | D8: 7418.32 | E8: 0 | F8: 0
A9: 11511000000 | B9: EXCEDENT AFFECTE FINANCEMENT M | C9: 10.49 | D9: 6360.39 | E9: 0 | F9: 6349.9
A10: 11512000000 | B10: RESULTAT 2012 RAN | C10: 1090 | D10: 0 | E10: 1090 | F10: 0
A11: 11620000000 | B11: DEPENSES POUR CONGES PAYES | C11: 28046 | D11: 0 | E11: 28046 | F11: 0
A12: 16150000000 | B12: EMPRUNT VS 107 | C12: 1545.84 | D12: 1545.84 | E12: 0 | F12: 0
A13: 16411000000 | B13: EMPRUNTS AUPRES ETABLISSEMENTS CREDIT | C13: 6920.26 | D13: 6920.26 | E13: 0 | F13: 0
A14: 19400000000 | B14: FONDS DEDIES SUR SUBVENTIONS D | C14: 0 | D14: 96731 | E14: 0 | F14: 96731
A15: 21820000000 | B15: MATERIEL DE TRANSPORT | C15: 18264 | D15: 0 | E15: 18264 | F15: 0
A16: 21830000000 | B16: MATERIEL DE BUREAU | C16: 12248.85 | D16: 1146 | E16: 11102.85 | F16: 0
A17: 27500000000 | B17: DEPOT ET CAUTIONNEMENT | C17: 610 | D17: 0 | E17: 610 | F17: 0
... A77: 88000000000 | B77: RESULTAT EN INSTANCE | C77: 0 | D77: 8924.9 | E77: 0 | F77: 8924.9

Sheet Balance 07

Sheet Balance 08

Sheet Balance 09

Sheet Balance 10

Sheet Balance 11

Sheet Balance 12
